Workbook

Sheet 00 VERIFICACIÓN DOC
Q1: =D7 -> MC-SA-PMC-006-2024 | R1: =E15 -> CONSORCIO OBRAS DICO | S1: INTEGRANTES
D2: MINISTERIO DE LAS CULTURAS, LAS ARTES Y LOS SABERES | Q2: =D8 -> "REALIZAR LAS OBRAS DE PRIMEROS AUXILIOS Y REPARACIONES LOCATIVAS PARA LOS INMUEBLES DENOMINADOS EDIFICIO CENTRAL Y LA TORRE DOCENTE EN EL HOSPITAL SAN JUAN DE DIOS E INSTITUTO MATERNO INFANTIL" | R2: =E13 -> LUIS CARLOS OROZCO CASTRO | S2: =J15 -> CYCO INGENIERÍA S.A.S. | T2: =N15 -> 0.5
D3: PROCESO: SELECCIÓN ABREVIADA DE MENOR CUANTÍA MC-SA-PMC-006-2024 | Q3: =D10 -> 980545587 | R3: =J14 -> 70202-326327 TLM | S3: =J16 -> DIEGO FERNANDO CÉSPEDES CONTRERAS | T3: =N16 -> 0.5
D4: 00 VERIFICACIÓN DE DOCUMENTOS | Q4: =K10 -> 754.26584 | R4: =J15 -> CYCO INGENIERÍA S.A.S. | S4: =J17 -> N/A | T4: =N17 -> N/A
Q5: =K7 -> 45639 | R5: =J13 -> 1110549948 | S5: =J18 -> N/A | T5: =N18 -> N/A
B6: DATOS DEL PROCESO | S6: =J19 -> N/A | T6: =N19 -> N/A
B7: NO. PROCESO | D7: MC-SA-PMC-006-2024 | I7: FECHA DE CIERRE | K7: 45639
B8: OBJETO | D8: "REALIZAR LAS OBRAS DE PRIMEROS AUXILIOS Y REPARACIONES LOCATIVAS PARA LOS INMUEBLES DENOMINADOS EDIFICIO CENTRAL Y LA TORRE DOCENTE EN EL HOSPITAL SAN JUAN DE DIOS E INSTITUTO MATERNO INFANTIL"
R9: =+D10 -> 980545587
B10: PRESUPUESTO OFICIAL | D10: 980545587 | I10: PRESUPUESTO OFICIAL EN SMMLV | K10: =D10/1300000 -> 754.26584 | R10: =+K10 -> 754.26584
I11: FECHA DE ACTUALIZACIÓN | K11: 45280 | R11: =J16 -> DIEGO FERNANDO CÉSPEDES CONTRERAS
B12: DATOS DEL OFERENTE
B13: NOMBRE REPRESENTANTE LEGAL | E13: LUIS CARLOS OROZCO CASTRO | I13: CÉDULA CIUDADANÍA | J13: 1110549948
I14: MATRÍCULA PROFESIONAL | J14: 70202-326327 TLM
B15: PROPONENTE: | E15: CONSORCIO OBRAS DICO | I15: INTEGRANTE 1 | J15: CYCO INGENIERÍA S.A.S. | L15: Porcentaje de participación: | N15: 0.5 | R15: =J17 -> N/A
I16: INTEGRANTE 2 | J16: DIEGO FERNANDO CÉSPEDES CONTRERAS | L16: Porcentaje de participación: | N16: 0.5 | R16: =J18 -> N/A
I17: INTEGRANTE 3 | J17: N/A | L17: Porcentaje de participación: | N17: N/A | R17: =J19 -> N/A
I18: INTEGRANTE 4 | J18: N/A | L18: Porcentaje de participación: | N18: N/A | R18: =N15 -> 0.5
I19: INTEGRANTE 5 | J19: N/A | L19: Porcentaje de participación: | N19: N/A | R19: =N16 -> 0.5
B20: AVALADOR | E20: SI: | F20: _ | G20: NO: | H20: X | I20: MATRÍCULA PROFESIONAL
I21: NOMBRE DEL AVALADOR | R21: =N19 -> N/A
B22: REQUISITOS | F22: ENTREGADO | R22: =J20 -> 0
B24: 1 | C24: Formato 1- Carta de presentación | F24: ='FORMATO 1'!M27 -> SI
B25: 2 | C25: Formato 2- Conformación de proponente plural. | F25: ='FORMATO 2'!M37 -> SI
B26: 3 | C26: Formato 3- Experiencia licitación de obra publica de infraestructura social | F26: SI
B27: 4 | C27: Formato 4- Capacidad Financiera y organizacional. (Solo para personas naturales o jurídicas extranjeras sin sucursal o domicilio en Colombia) | F27: SI
B28: 5 | C28: Formato 5A - Capacidad Residual | F28: SI
B29: 7C | C29: Formato 7- Plan de calidad | F29: ='FORMATO 7- FACTOR DE CALIDAD'!M27 -> SI
B30: 8 | C30: Formato 8- Vinculación personas con discapacidad
B31: 9 | C31: Formato 9- Industria Nacional | F31: ='FORMATO 9'!M26 -> SI
B32: 11 | C32: Formato 11- Autorización para el tratamiento de datos personales | F32: ='FORMATO 11'!M24 -> SI
B33: 13 | C33: Emprendimiento y empresas de mujeres | F33: ='FORMATO 13'!M24 -> SI
B34: 14 | C34: Acreditación MiPymes | F34: ='FORMATO 14'!M24 -> SI
B36: CRITERIOS DE DESEMPATE | F36: ENTREGADO
C37: Formato 10A-Participación mayoritaria de mujeres cabeza de familia y/o mujeres víctima de violencia intrafamiliar. | F37: N/A
C38: Formato 10B- Vinculación de personas en condición de discapacidad | F38: N/A
C39: Formato 10C- Vinculación de personas no beneficiarias de la pensión de vejez, familiar o sobrevivencia | F39: N/A
C40: Formato 10D- Vinculación de población indígena, negra, afrocolombiana, raizal, palenquera, rom o gitana | F40: SI
C41: Formato 10E- Participación mayoritaria de personas en proceso de reincorporación y/o reintegración (Personas Jurídicas) | F41: N/A
C42: Formato 10F- Participación mayoritaria de mujeres cabeza de familia y/o personas en proceso de reincorporación y/o reintegración (Personas Jurídicas) | F42: N/A
C43: Formato 10G- Pagos realizados a MiPymes, cooperativas o asociaciones mutuales | F43: N/A
C44: Formato 10H- Acreditación MiPymes | F44: SI
B46: FORMATO 1- CARTA DE PRESENTACIÓN DE LA OFERTA
B47: Nota: El representante legal debe ser arquitecto o ingeniero)
B48: REPRESENTANTE LEGAL | D48: =R2 -> LUIS CARLOS OROZCO CASTRO
B49: 1 | C49: Copia cédula de ciudadanía. | F49: ='FORMATO 1'!M24 -> SI
B50: 2 | C50: Copia matrícula profesional. | F50: ='FORMATO 1'!M25 -> SI
B51: 3 | C51: Certificado de antecedentes expedido por el COPNIA (No mayor a 30 días). | F51: ='FORMATO 1'!M26 -> SI
B52: AVALADOR | D52: N/A
B53: 1 | C53: Copia cédula de ciudadanía AVALADOR | F53: ='FORMATO 1'!M30 -> NO APLICA
B54: 2 | C54: Copia matrícula profesional AVALADOR | F54: ='FORMATO 1'!M31 -> NO APLICA
B55: 3 | C55: Certificado de antecedentes expedido por el COPNIA (No mayor a 30 días) | F55: ='FORMATO 1'!M32 -> NO APLICA
B56: 4 | C56: Poder autentificado por notaria | F56: ='FORMATO 1'!M33 -> NO APLICA
B57: RESULTADO DE LA EVALUACIÓN | F57: ='FORMATO 1'!M41 -> CUMPLE
B59: FORMATO 2- CONFORMACIÓN DE PROPONENTE PLURAL
B60: El proponente deberá diligenciar el formato dependiendo de la forma asociativa con la que se presente (Consorcio o Unión Temporal)
B61: REPRESENTANTE LEGAL | D61: =R2 -> LUIS CARLOS OROZCO CASTRO
B62: FORMATO 2A- Documento de conformación de consorcio.
B63: 1 | C63: Copia cédula de ciudadanía. | F63: =F49 -> SI
B64: 2 | C64: Porcentajes | F64: SI
B65: 3 | C65: Copia cédula de ciudadanía representante legal suplente | F65: ='FORMATO 2'!M39 -> SI
B66: 3 | C66: Vigencia proponente plural | F66: ='FORMATO 2'!M40 -> SI
B67: FORMATO 2B- Documento de conformación de unión temporal.
B68: 1 | C68: Copia cédula de ciudadanía. | F68: N/A
B69: 2 | C69: Porcentajes | F69: N/A
B70: RESULTADO DE LA EVALUACIÓN | F70: ='FORMATO 2'!M47 -> CUMPLE
B72: FORMATO 3- EXPERIENCIA LICITACIÓN DE OBRA PÚBLICA DE INFRAESTRUCTURA
B73: El proponente deberá diligenciar el formato dependiendo de la forma asociativa con la que se presente (Consorcio o Unión Temporal)
B74: REPRESENTANTE LEGAL | D74: =R2 -> LUIS CARLOS OROZCO CASTRO
B75: FORMATO 3- EXPERIENCIA
B76: 1 | C76: Copia cédula de ciudadanía. | F76: =F49 -> SI
B77: 2 | C77: Porcentajes | F77: SI
B78: 3 | C78: Certificado RUP vigente. | F78: SI
B79: RESULTADO DE LA EVALUACIÓN | F79: ='FORMATO 3- EXPERIENCIA'!F66 -> HABILITADO
B81: FORMATO 5- CAPACIDAD ORGANIZACIONAL
B82: REPRESENTANTE LEGAL | D82: =R2 -> LUIS CARLOS OROZCO CASTRO
B83: 1 | C83: Copia cédula de ciudadanía. | F83: =F49 -> SI
B84: 2 | C84: Copia matrícula profesional. | F84: =F50 -> SI
B85: 3 | C85: Dictamen de auditoría revisor fiscal | F85: SI
B86: 4 | C86: Certificado de vigencia revisor fiscal | F86: SI
B87: RESULTADO DE LA EVALUACIÓN | F87: ='FORMATO 5- CAPACIDAD RESIDUAL'!M292 -> CUMPLE
B89: FORMATO 6- PAGOS DE SEGURIDAD SOCIAL Y APORTES LEGALES
B90: REPRESENTANTE LEGAL | D90: =R2 -> LUIS CARLOS OROZCO CASTRO
B91: PERSONAS JURÍDICA
B92: 1 | C92: Copia cédula de ciudadanía. | F92: =F49 -> SI
B93: 2 | C93: Copia matrícula profesional. | F93: =F50 -> SI
B94: 3 | C94: NIT | F94: ='FORMATO 6- SEGURIDAD'!M26 -> POR REVISAR
B95: 6 | C95: Copia cédula de ciudadanía revisor Fiscal. | F95: ='FORMATO 6- SEGURIDAD'!M26 -> POR REVISAR
B96: 7 | C96: Tarjeta profesional revisor Fiscal. | F96: ='FORMATO 6- SEGURIDAD'!M27 -> POR REVISAR
B97: 5 | C97: Certificación pago aportes seguridad social de los últimos 6 meses (Si la empresa tiene menos de 6 meses acreditar pagos desde la fecha de constitución) 30 días de expedición | F97: ='FORMATO 6- SEGURIDAD'!M28 -> POR REVISAR
B98: PERSONA NATURAL
B99: Nota* Proponentes plurales deben presentar por separado los requisitos
B100: 1 | C100: Documento de identidad. | F100: =F50 -> SI
B101: 2 | C101: Matricula profesional. | F101: =F51 -> SI
B102: 3 | C102: Certificación afiliación con fecha de expedición no mayor a treinta (30) | F102: ='FORMATO 6- SEGURIDAD'!M36 -> POR REVISAR
B103: 4 | C103: Si la persona cumple con los requisitos de pensión presentar certificado que acredite esta condición. | F103: ='FORMATO 6- SEGURIDAD'!M37 -> POR REVISAR
B104: RESULTADO DE LA EVALUACIÓN | F104: ='FORMATO 6- SEGURIDAD'!M48 -> PENDIENTE
B106: FORMATO 7A- FACTOR DE CALIDAD
B107: FORMATO 7C- PLAN DE CALIDAD
B108: 1 | C108: Copia cédula de ciudadanía. | F108: ='FORMATO 7- FACTOR DE CALIDAD'!M25 -> SI
...

Sheet FORMATO 1
T2: =+J8 -> 45639
D3: MINISTERIO DE LAS CULTURAS, LAS ARTES Y LOS SABERES
D4: PROCESO: SELECCIÓN ABREVIADA DE MENOR CUANTÍA MC-SA-PMC-006-2024
D5: FORMATO 1-CARTA DE PRESENTACIÓN DE LA OFERTA
B7: DATOS DEL PROCESO
B8: NO. PROCESO | D8: ='00 VERIFICACIÓN DOC'!Q1 -> MC-SA-PMC-006-2024 | H8: FECHA DE CIERRE | J8: ='00 VERIFICACIÓN DOC'!Q5 -> 45639
B9: OBJETO | D9: "REALIZAR LAS OBRAS DE RESTAURACIÓN, REHABILITACIÓN, REFORZAMIENTO ESTRUCTURAL Y DEMÁS ACTIVIDADES COMPLEMENTARIAS PARA LA INTERVENCIÓN INTEGRAL DEL INSTITUTO MATERNO INFANTIL EN EL HOSPITAL SAN JUAN DE DIOS"
B11: PRESUPUESTO OFICIAL | D11: ='00 VERIFICACIÓN DOC'!Q3 -> 980545587 | H11: PRESUPUESTO OFICIAL EN SMMLV | J11: ='00 VERIFICACIÓN DOC'!Q4 -> 754.26584
B13: DATOS DEL OFERENTE
B14: NOMBRE REPRESENTANTE LEGAL | D14: ='00 VERIFICACIÓN DOC'!R2 -> LUIS CARLOS OROZCO CASTRO | H14: CÉDULA DE CIUDADANÍA | J14: ='00 VERIFICACIÓN DOC'!R5 -> 1110549948
H15: MATRÍCULA PROFESIONAL | J15: ='00 VERIFICACIÓN DOC'!R3 -> 70202-326327 TLM
B16: PROPONENTE | D16: ='00 VERIFICACIÓN DOC'!R1 -> CONSORCIO OBRAS DICO | H16: INTEGRANTES | J16: ='00 VERIFICACIÓN DOC'!R4 -> CYCO INGENIERÍA S.A.S.
H17: INTEGRANTES | J17: ='00 VERIFICACIÓN DOC'!R11 -> DIEGO FERNANDO CÉSPEDES CONTRERAS
H18: INTEGRANTES | J18: ='00 VERIFICACIÓN DOC'!R15 -> N/A
H19: INTEGRANTES | J19: ='00 VERIFICACIÓN DOC'!R16 -> N/A
H20: INTEGRANTES | J20: ='00 VERIFICACIÓN DOC'!R17 -> N/A
B21: AVALADOR | D21: SI: | E21: ='00 VERIFICACIÓN DOC'!F20 -> _ | F21: NO: | G21: ='00 VERIFICACIÓN DOC'!H20 -> X | H21: MATRÍCULA PROFESIONAL | J21: N/A
B23: DOCUMENTOS ADJUNTOS AL FORMATO (PERSONAS JURÍDICAS)
B24: COPIA CÉDULA DE CIUDADANÍA REPRESENTANTE LEGAL | K24: APORTA: | M24: SI
B25: COPIA MATRICULA PROFESIONAL REPRESENTANTE LEGAL | K25: APORTA: | M25: SI
B26: CERTIFICADO DE VIGENCIA | K26: APORTA: | M26: SI
B27: SUSCRIPCIÓN FORMATO 1 | K27: APORTA: | M27: SI
B29: DOCUMENTOS ADJUNTOS AL FORMATO (AVALADOR)
B30: COPIA CÉDULA DE CIUDADANÍA AVALADOR | K30: APORTA: | M30: NO APLICA
B31: COPIA MATRICULA PROFESIONAL AVALADOR | K31: APORTA: | M31: NO APLICA
B32: CERTIFICADO DE VIGENCIA | K32: APORTA: | M32: NO APLICA
B33: PODER AUTENTICADO POR NOTARÍA | K33: APORTA: | M33: NO APLICA
B36: OBSERVACIONES | D36: OBS.1.1. Cumple con la suscripción correcta del FORMATO 1-CARTA DE PRESENTACIÓN DE LA OFERTA y sus correspondientes soportes.
I41: RESULTADO DE LA EVALUACIÓN | M41: CUMPLE

Sheet FORMATO 2
Q1: =+H29 -> 0.5
Q2: =+H30 -> 0.5
D3: MINISTERIO DE LAS CULTURAS, LAS ARTES Y LOS SABERES
D4: PROCESO: SELECCIÓN ABREVIADA DE MENOR CUANTÍA MC-SA-PMC-006-2024
D5: FORMATO 2- CONFORMACIÓN DE PROPONENTE PLURAL.
B7: DATOS DEL PROCESO
B8: NO. PROCESO | D8: ='00 VERIFICACIÓN DOC'!Q1 -> MC-SA-PMC-006-2024 | H8: FECHA DE CIERRE | J8: =+'FORMATO 1'!T2 -> 45639
B9: OBJETO | D9: ='00 VERIFICACIÓN DOC'!Q2 -> "REALIZAR LAS OBRAS DE PRIMEROS AUXILIOS Y REPARACIONES LOCATIVAS PARA LOS INMUEBLES DENOMINADOS EDIFICIO CENTRAL Y LA TORRE DOCENTE EN EL HOSPITAL SAN JUAN DE DIOS E INSTITUTO MATERNO INFANTIL"
B11: PRESUPUESTO OFICIAL | D11: ='00 VERIFICACIÓN DOC'!Q3 -> 980545587 | H11: PRESUPUESTO OFICIAL EN SMMLV | J11: ='00 VERIFICACIÓN DOC'!Q4 -> 754.26584
B13: DATOS DEL OFERENTE
B14: CONSORCIO | D14: X | H14: UNIÓN TEMPORAL | J14: N/A
B15: NOMBRE REPRESENTANTE LEGAL | D15: ='00 VERIFICACIÓN DOC'!R2 -> LUIS CARLOS OROZCO CASTRO | H15: CÉDULA CIUDADANÍA | J15: ='00 VERIFICACIÓN DOC'!R5 -> 1110549948
H16: MATRÍCULA PROFESIONAL | J16: ='00 VERIFICACIÓN DOC'!R3 -> 70202-326327 TLM
B17: PROPONENTE | D17: ='00 VERIFICACIÓN DOC'!R1 -> CONSORCIO OBRAS DICO | H17: INTEGRANTES | J17: ='00 VERIFICACIÓN DOC'!R4 -> CYCO INGENIERÍA S.A.S.
H18: INTEGRANTES | J18: ='00 VERIFICACIÓN DOC'!R11 -> DIEGO FERNANDO CÉSPEDES CONTRERAS
H19: INTEGRANTES | J19: ='00 VERIFICACIÓN DOC'!R15 -> N/A
H20: INTEGRANTES | J20: ='00 VERIFICACIÓN DOC'!R16 -> N/A
H21: INTEGRANTES | J21: ='00 VERIFICACIÓN DOC'!R17 -> N/A
B22: AVALADOR | D22: SI: | E22: ='00 VERIFICACIÓN DOC'!F20 -> _ | F22: NO: | G22: ='00 VERIFICACIÓN DOC'!H20 -> X | H22: MATRÍCULA PROFESIONAL | J22: N/A
B23: NOMBRE SUPLENTE REPRESENTANTE LEGAL | D23: DIEGO FERNANDO CÉSPEDES CONTRERAS | H23: CÉDULA CIUDADANÍA | J23: 1106770955
H24: MATRÍCULA PROFESIONAL
B27: INTEGRANTES
B28: NOMBRE | H28: % PARTICIPACIÓN
B29: 1 | C29: ='00 VERIFICACIÓN DOC'!S2 -> CYCO INGENIERÍA S.A.S. | H29: ='00 VERIFICACIÓN DOC'!T2 -> 0.5 | N29: =+H29 -> 0.5
B30: 2 | C30: ='00 VERIFICACIÓN DOC'!S3 -> DIEGO FERNANDO CÉSPEDES CONTRERAS | H30: ='00 VERIFICACIÓN DOC'!T3 -> 0.5 | N30: =+H30 -> 0.5
B31: 3 | C31: ='00 VERIFICACIÓN DOC'!S4 -> N/A | H31: ='00 VERIFICACIÓN DOC'!T4 -> N/A
B32: 4 | C32: ='00 VERIFICACIÓN DOC'!S5 -> N/A | H32: ='00 VERIFICACIÓN DOC'!T5 -> N/A
B33: 5 | C33: ='00 VERIFICACIÓN DOC'!S6 -> N/A | H33: ='00 VERIFICACIÓN DOC'!T6 -> N/A
E34: TOTAL | H34: =SUM(H29:M33) -> 1
B36: DOCUMENTOS ADJUNTOS AL FORMATO
B37: SUSCRIPCIÓN FORMATO 2- CONFORMACIÓN DE PROPONENTE PLURAL. | K37: APORTA: | M37: SI
B38: COPIA CÉDULA DE CIUDADANÍA REPRESENTANTE LEGAL | K38: APORTA: | M38: SI
B39: COPIA CÉDULA DE CIUDADANÍA REPRESENTANTE LEGAL SUPLENTE | K39: APORTA: | M39: SI
B40: VIGENCIA PROPONENTE PLURAL | K40: APORTA: | M40: SI
B42: OBSERVACIONES | D42: OBS.2. A.1.Cumple ya que suscribió el FORMATO 2- CONFORMACIÓN DEL PROPONENTE PLURAL suscrito por el Representante Legal y suplente, además se adjunta cédulas de ambos representantes y matrícula profesional del Representante legal
I47: RESULTADO DE LA EVALUACIÓN | M47: CUMPLE

Sheet FORMATO 3- EXPERIENCIA
E2: MINISTERIO DE LAS CULTURAS, LAS ARTES Y LOS SABERES
E3: PROCESO: LICITACIÓN DE OBRA PÚBLICA DE INFRAESTRUCTURA SOCIAL MC LP 130 2023
E4: FORMATO 3- EXPERIENCIA LICITACIÓN DE OBRA PÚBLICA DE INFRAESTRUCTURA SOCIAL
B6: DATOS DEL PROCESO
B7: NO. PROCESO | E7: ='00 VERIFICACIÓN DOC'!Q1 -> MC-SA-PMC-006-2024 | M7: FECHA DE CIERRE | Q7: =+'00 VERIFICACIÓN DOC'!Q5 -> 45639
B8: OBJETO | E8: ='00 VERIFICACIÓN DOC'!Q2 -> "REALIZAR LAS OBRAS DE PRIMEROS AUXILIOS Y REPARACIONES LOCATIVAS PARA LOS INMUEBLES DENOMINADOS EDIFICIO CENTRAL Y LA TORRE DOCENTE EN EL HOSPITAL SAN JUAN DE DIOS E INSTITUTO MATERNO INFANTIL"
B10: PRESUPUESTO OFICIAL | E10: ='00 VERIFICACIÓN DOC'!Q3 -> 980545587 | M10: PRESUPUESTO OFICIAL EN SMMLV | Q10: =+'00 VERIFICACIÓN DOC'!Q4 -> 754.26584
B12: DATOS DEL OFERENTE
B13: NOMBRE REPRESENTANTE LEGAL | D13: ='00 VERIFICACIÓN DOC'!R1 -> CONSORCIO OBRAS DICO | H13: CÉDULA DE CIUDADANÍA | J13: ='00 VERIFICACIÓN DOC'!R5 -> 1110549948 | T13: =0.4*Q10 -> 301.70633 | V13: =E10*40% -> 3.9221823e+08
H14: MATRÍCULA PROFESIONAL | J14: ='00 VERIFICACIÓN DOC'!R3 -> 70202-326327 TLM
B15: PROPONENTE | D15: ='00 VERIFICACIÓN DOC'!R2 -> LUIS CARLOS OROZCO CASTRO | H15: INTEGRANTES | J15: ='00 VERIFICACIÓN DOC'!R4 -> CYCO INGENIERÍA S.A.S.
H16: INTEGRANTES | J16: ='00 VERIFICACIÓN DOC'!R11 -> DIEGO FERNANDO CÉSPEDES CONTRERAS
H17: INTEGRANTES | J17: ='00 VERIFICACIÓN DOC'!R15 -> N/A
H18: INTEGRANTES | J18: ='00 VERIFICACIÓN DOC'!R16 -> N/A
H19: INTEGRANTES | J19: ='00 VERIFICACIÓN DOC'!R17 -> N/A
B20: AVALADOR | D20: SI: | E20: ='00 VERIFICACIÓN DOC'!F20 -> _ | F20: NO: | G20: ='00 VERIFICACIÓN DOC'!H20 -> X | H20: MATRÍCULA PROFESIONAL | J20: ='00 VERIFICACIÓN DOC'!R22 -> 0
B21: MIPYME | D21: X | E21: EMPRESA: | F21: =+J16 -> DIEGO FERNANDO CÉSPEDES CONTRERAS | H21: EMPRENDIMIENTO EMPRESA MUJERES | J21: X | K21: EMPRESA: | L21: =+J15 -> CYCO INGENIERÍA S.A.S.
B23: ACTIVIDAD PRINCIPAL | E23: Proyectos de construcción y/o mejoramiento y/o adecuación y/o mantenimiento y/o remodelación y/o restauración y/o modificación y/o reforzamiento y/o actualización sísmica y/o intervención de hospitales y/o centros de salud y/o edificaciones destinadas a prestación y/o atención de salud y/o cuidado de adulto mayor en bienes de interés cultural y/o patrimonial.
T26: CUMPLE
T27: NO CUMPLE
T28: CANT. CONTRATOS | U28: =COUNT(M32:M38) -> 6
T29: 1 | U29: 0.75
B30: EXPERIENCIA GENERAL | T30: 2 | U30: 0.75
B31: No. | C31: ENTIDAD CONTRATANTE | D31: OBJETO DEL CONTRATO | F31: N° CONTRATO | G31: FECHA DE INICIO | H31: FECHA DE TERMINACIÓN | I31: NOMBRE DEL PARTICIPANTE QUE APORTA LA EXPERIENCIA | K31: No. Consecutivo del reporte del contrato ejecutado en el RUP | L31: CLASIFICADOR DE BIENES Y SERVICIOS | M31: VALOR DEL CONTRATO EN SMMLV | N31: % DE PARTICIPACIÓN | O31: VALOR DEL CONTRATO EN SMMLV x Porcentaje participación | P31: ACTO ADMÓN DECLARATORÍA | Q31: CUMPLE / NO CUMPLE | R31: OBSERVACIÓN | T31: 3 | U31: 1.2
A32: (EXPERIENCIA GENERAL - EXPERIENCIA ESPECIFICA) 40% PRESUPESTO OBRA -Por lo menos uno (1) de los contratos válidos aportados como experiencia general debe corresponder al 40% del presupuesto oficial del componente de obra del presente proceso de selección | B32: 1 | C32: Aeropuerto del Oriente | D32: EJECUCION DE LAS OBRAS DE MODERNIZACION PARA EL EDIFICIO TERMINAL, PARQUEADERO SUBTERRANEO, TORRE DE CONTROL, CENTRO DE ACOPIO, CENTRO DE SERVICIOS EN TIERRA, CARNILES, PORTERIA Y URBANISMO LADO TIERRA DEL AEROPUERTO INTERNACIONAL SIMON BOLIVAR SANTA MARTA | F32: Contrato EPC | G32: 42076 | H32: 43071 | I32: CONTEIN SAS | K32: 84 | L32: 721214; 721029; 721015 | M32: 88839.5 | N32: 1 | O32: =+M32*N32 -> 88839.5 | P32: N/A | Q32: CUMPLE | R32: Cumple con lo solicitado en la presentación de la experiencia. | T32: 4 | U32: 1.2
A33: (EXPERIENCIA GENERAL) | B33: 2 | C33: COLMEDICA MEDICINA PREPAGADA SA | D33: CONSTRUCCION DE ACABADOS INTERIORES, REDES ELECTRICAS Y HIDROSANITARIAS, ASI COMO EL SUMINISTRO, INSTALACION Y ENTREGA DE LOS EQUIPOS PARA EL CENTRO MEDICO CALLE 122 | F33: S/N | G33: 43735 | H33: 44364 | I33: CONTEIN SAS | K33: 101 | L33: 721015; 721214 | M33: 30559.37 | N33: 1 | O33: =+M33*N33 -> 30559.37 | P33: N/A | Q33: CUMPLE | R33: Cumple con lo solicitado en la presentación de la experiencia. | T33: 5 | U33: 1.5
A34: (EXPERIENCIA GENERAL - EXPERIENCIA ESPECIFICA) BIC - Por lo menos uno (1) de los contratos válidos aportados como experiencia general debe contemplar la construcción y/o ampliación y/o remodelación y/o reforzamiento y/o adecuación y/o mantenimiento y/o mejoramiento y/o restauración y/o modificación de edificaciones consideradas de interés cultural y/o patrimonial. | B34: 3 | C34: EMPRESA PROMOTORA DEL DESARROLLO TERRITORIAL (ENTERRITORIO) | D34: RESTAURACION DE CASAS DE SANTA BARBARA Y CONSTRUCCION DEL EDIFICIO ARCHIVO DEL MINISTERIO DE HACIENDA | F34: 2131744 | G34: 41430 | H34: 42632 | I34: CONTEIN SAS | K34: 75 | L34: 721015; 721029; 721214 | M34: 102364.56 | N34: 0.4 | O34: =+M34*N34 -> 40945.824 | P34: N/A | Q34: CUMPLE | R34: Cumple con lo solicitado en la presentación de la experiencia. | T34: 6 | U34: 1.5
A35: (EXPERIENCIA GENERAL - EXPERIENCIA ESPECIFICA) INSTITUCIONAL EN SALUD - Por lo menos uno (1) de los contratos válidos aportados como experiencia general debe corresponder a una edificación institucional - salud. | B35: 4 | C35: CLINICA LA SABANA S.A. | D35: CONSTRUCCIÓN DE LA FASE I DE LA CLÍNICA LA SABANA EN LA CIUDAD DE BOGOTÁ D.C, UBICADA EN LA AVENIDA 19 # 102-71 DE LA CIUDAD DE BOGOTÁ D.C. | F35: S/N | G35: 42079 | H35: 42689 | I35: CONTEIN SAS | K35: 78 | L35: 721214; | M35: 20758.05 | N35: 1 | O35: =+M35*N35 -> 20758.05 | P35: N/A | Q35: CUMPLE | R35: Cumple con lo solicitado en la presentación de la experiencia. | T35: 7 | U35: 1.5
A36: EXPERIENCIA GENERAL | B36: 5 | C36: CLINICA LA SABANA S.A. | D36: CONSTRUCCION DE LA FASE II DE LA CLINICA LA SABANA EN LA CIUDAD DE BOGOTA, UBICADA EN LA AVENIDA 19 #102-71 DE LA CIUDAD DE BOGOTA | F36: S/N | G36: 42695 | H36: 43306 | I36: CONTEIN SAS | K36: 88 | L36: 721214; | M36: 18622.33 | N36: 1 | O36: =+M36*N36 -> 18622.33 | P36: N/A | Q36: CUMPLE | R36: Cumple con lo solicitado en la presentación de la experiencia.
A37: (EXPERIENCIA ADICIONAL- EXPERIENCIA ESPECIFICA) BIC NIVEL 1 - Por lo menos uno (1) de los contratos válidos aportados como experiencia general debe contemplar la construcción y/o ampliación y/o remodelación y/o reforzamiento y/o adecuación y/o mantenimiento y/o mejoramiento y/o restauración y/o modificación de edificaciones consideradas de interés cultural y/o patrimonial. | B37: 6 | C37: MINISTERIO DE CULTURA | D37: CONTRATAR LOS ESTUDIOS TECNICOS Y PROYECTOS DE RESTAURACION DE LOS EDIFICIOS SIBERIA Y MANTENIMIENTO QUE HACEN PARTE DEL COMPLEJO HOSPITALARIO SAN JUAN DE DIOS DE BOGOTA | F37: 3979 de 2021 | G37: 44410 | H37: 44575 | I37: MC ARQUITECTOS SA | K37: 66 | L37: 721214; | M37: 1655.6 | N37: 0.5 | O37: =+M37*N37 -> 827.8 | P37: LEY 735 DE 2022 | Q37: CUMPLE | R37: Cumple con lo solicitado en la presentación de la experiencia.
B38: 7 | O38: =+M38*N38 -> 0 | Q38: CUMPLE
T39: HABILITADO
B40: VALOR SUMATORIA CONTRATOS ACREDITADOS PARA EXPERIENCIA GENERAL DEL PROPONENTE (SMLV) | O40: =SUM(O32:O38) -> 200552.87 | T40: NO HABILITADO
B41: Valor mínimo a certificar del Presupuesto oficial de obra (expresado en SMLV), de acuerdo con el documento base, numeral 3.5.7 | O41: =VLOOKUP(U28,T29:U35,2,FALSE)*(Q10-3481) -> -4090.1012
B42: Sumatoria igual o superior al 100% del POE | O42: =IF(VLOOKUP(U28,T29:U35,2,FALSE)*Q10<O40,"CUMPLE","NO CUMPLE") -> CUMPLE
B43: Por lo menos uno (1) de los contratos válidos aportados como experiencia general debe corresponder a una edificación institucional - salud. | O43: CUMPLE
B44: Por lo menos uno (1) de los contratos válidos aportados como experiencia general debe contemplar la construcción y/o ampliación y/o remodelación y/o reforzamiento y/o adecuación y/o mantenimiento y/o mejoramiento y/o restauración y/o modificación de edificaciones consideradas de interés cultural y/o patrimonial. | O44: CUMPLE
B45: MAYOR VALOR DE LOS CONTRATOS ACREDITADOS PARA EXPERIENCIA GENERAL DEL PROPONENTE (SMLV) | O45: =MAX(O32:O38) -> 88839.5
B46: Por lo menos uno (1) de los contratos válidos aportados como experiencia general debe corresponder al 40% del presupuesto oficial del componente de obra del presente proceso de selección. | O46: =IF(O45>0.4*Q10,"CUMPLE","NOCUMPLE") -> CUMPLE
B47: Por lo menos uno (1) de los contratos válidos aportados como experiencia general debe corresponder al 40% del presupuesto oficial del presente proceso de selección. | O47: =IF(O45>0.4*(Q8),"CUMPLE","NOCUMPLE") -> CUMPLE
B49: EXPERIENCIA ADICIONAL
B50: No. | C50: ENTIDAD CONTRATANTE | D50: OBJETO DEL CONTRATO | F50: N° CONTRATO | G50: FECHA DE INICIO | H50: FECHA DE TERMINACIÓN | I50: NOMBRE DEL PARTICIPANTE QUE APORTA LA EXPERIENCIA | K50: No. Consecutivo del reporte del contrato ejecutado en el RUP | L50: CLASIFICADOR DE BIENES Y SERVICIOS | M50: VALOR DEL CONTRATO EN SMMLV | N50: % DE PARTICIPACIÓN | O50: VALOR DEL CONTRATO EN SMMLV x Porcentaje participación | P50: ACTO ADMÓN DECLARATORÍA | Q50: CUMPLE / NO CUMPLE | R50: OBSERVACIÓN
A51: (EXPERIENCIA ADICIONAL - EXPERIENCIA ESPECIFICA) 40% PRESUPESTO DISEÑO - Por lo menos uno (1) de los contratos válidos aportados como experiencia adicional debe corresponder al 40% del presupuesto oficial del presente proceso de seleccion para el componente de diseño. | B51: 1 | C51: DYKITO VENTURE SAS | D51: ESTRUCTURA TECNICA, LEGAL Y FINANCIERA A NIVEL DE FACTIBILIDAD, DISEÑOS Y ESTUDIOS TECNICOS BAJO LA METODOLOGIA BIM (BUILDING INFORMATION MODELING) PARA LA CONSTRUCCION DE UNA CLINICA DE ALTA COMPLEJIDAD EN LA CIUDAD DE YOPAL - CASANARE | F51: DYK-005-2017 | G51: 42984 | H51: 43258 | I51: MC ARQUITECTOS SA | K51: 62 | L51: 721015; 721029; 721033; 721214 | M51: 2282.9 | N51: 1 | O51: =+M51*N51 -> 2282.9 | P51: N/A | Q51: CUMPLE | R51: Cumple con lo solicitado en la presentación de la experiencia. | T51: CANT. CONTRATOS | U51: =COUNT(M51:M57) -> 2
A52: (EXPERIENCIA ADICIONAL - EXPERIENCIA ESPECIFICA) BIC NIVEL 1 - Por lo menos uno (1) de los contratos válidos aportados como experiencia general debe contemplar la construcción y/o ampliación y/o remodelación y/o reforzamiento y/o adecuación y/o mantenimiento y/o mejoramiento y/o restauración y/o modificación de edificaciones consideradas de interés cultural y/o patrimonial. | C52: MINISTERIO DE CULTURA | D52: CONTRATAR LOS ESTUDIOS TECNICOS Y PROYECTOS DE RESTAURACION DE LOS EDIFICIOS SIBERIA Y MANTENIMIENTO QUE HACEN PARTE DEL COMPLEJO HOSPITALARIO SAN JUAN DE DIOS DE BOGOTA | F52: 3979 de 2021 | G52: 44410 | H52: 44575 | I52: MC ARQUITECTOS SA | K52: 66 | L52: 721214; | M52: 1655.6 | N52: 0.5 | O52: =+M52*N52 -> 827.8 | P52: LEY 735 DE 2022 | Q52: CUMPLE | R52: Cumple con lo solicitado en la presentación de la experiencia. | T52: 1 | U52: 0.5
B53: 3 | O53: =+M53*N53 -> 0 | Q53: NO CUMPLE | T53: 2 | U53: 0.5
B54: 4 | O54: =+M54*N54 -> 0 | Q54: NO CUMPLE | T54: 3 | U54: 1
B55: 5 | O55: =+M55*N55 -> 0 | Q55: NO CUMPLE | T55: 4 | U55: 1
T56: 5 | U56: 1.2
B57: VALOR SUMATORIA CONTRATOS ACREDITADOS PARA EXPERIENCIA GENERAL DEL PROPONENTE | O57: =SUM(O51:O55) -> 3110.7 | T57: 6 | U57: 1.2
B58: Valor mínimo a certificar del Presupuesto oficial del componente de estudios y diseños (expresado en SMLV), de acuerdo con el documento base, numeral 3.5.7 | O58: =VLOOKUP(U51,T52:U59,2,FALSE)*3481 -> 1740.5 | T58: 7 | U58: 1.2
B59: Sumatoria igual o superior al 100% del POE Para el componente de diseño (3481 SMLV) | O59: =IF(VLOOKUP(U51,T52:U59,2,FALSE)*3481<O57,"CUMPLE","NO CUMPLE") -> CUMPLE
B60: Por lo menos uno (1) de los contratos válidos aportados como experiencia adicional debe corresponder a Estudios técnicos y/o Diseño de un proyecto de intervención de un bien de interés cultural, Nivel 1 y 2 o su equivalente en la categoría respectiva y que cuente con valores patrimoniales de acuerdo con el artículo 2.4.1.2 del Decreto 1080 de 2015 (anterior artículo 6 del Decreto 763 de 2009). | O60: CUMPLE
B61: MAYOR VALOR DE LOS CONTRATOS ACREDITADOS PARA EXPERIENCIA GENERAL DEL PROPONENTE (SMLV) | O61: =MAX(O51:O55) -> 2282.9
B62: Por lo menos uno (1) de los contratos válidos aportados como experiencia adicional debe corresponder al 40% del presupuesto oficial del presente proceso de selección para el componente de diseño. | O62: =IF(O61>0.4*3481,"CUMPLE","NOCUMPLE") -> CUMPLE
B64: OBSERVACIONES: | D64: OBS.3.1. OBS.3.2.
B66: RESULTADO DE LA EVALUACIÓN | F66: HABILITADO

Sheet FORMATO 3- EXPERIENCIA (2)
E2: MINISTERIO DE LAS CULTURAS, LAS ARTES Y LOS SABERES
E3: PROCESO: SELECCIÓN ABREVIADA DE MENOR CUANTÍA MC-SA-PMC-006-2024
E4: FORMATO 3- EXPERIENCIA LICITACIÓN DE OBRA PÚBLICA DE INFRAESTRUCTURA SOCIAL
B6: DATOS DEL PROCESO
B7: NO. PROCESO | E7: ='00 VERIFICACIÓN DOC'!Q1 -> MC-SA-PMC-006-2024 | M7: FECHA DE CIERRE | Q7: =+'00 VERIFICACIÓN DOC'!Q5 -> 45639
B8: OBJETO | E8: ='00 VERIFICACIÓN DOC'!Q2 -> "REALIZAR LAS OBRAS DE PRIMEROS AUXILIOS Y REPARACIONES LOCATIVAS PARA LOS INMUEBLES DENOMINADOS EDIFICIO CENTRAL Y LA TORRE DOCENTE EN EL HOSPITAL SAN JUAN DE DIOS E INSTITUTO MATERNO INFANTIL"
B10: PRESUPUESTO OFICIAL | E10: ='00 VERIFICACIÓN DOC'!Q3 -> 980545587 | M10: PRESUPUESTO OFICIAL EN SMMLV | Q10: =+'00 VERIFICACIÓN DOC'!Q4 -> 754.26584 | T10: =+Q10*1.2 -> 905.119
M11: FECHA DE REVISIÓN | Q11: 45265
B12: DATOS DEL OFERENTE | T12: =0.4*Q10 -> 301.70633
B13: NOMBRE REPRESENTANTE LEGAL | D13: ='00 VERIFICACIÓN DOC'!R1 -> CONSORCIO OBRAS DICO | H13: CÉDULA DE CIUDADANÍA | J13: ='00 VERIFICACIÓN DOC'!R5 -> 1110549948
H14: MATRÍCULA PROFESIONAL | J14: ='00 VERIFICACIÓN DOC'!R3 -> 70202-326327 TLM
B15: PROPONENTE | D15: ='00 VERIFICACIÓN DOC'!R2 -> LUIS CARLOS OROZCO CASTRO | H15: INTEGRANTES | J15: ='00 VERIFICACIÓN DOC'!R4 -> CYCO INGENIERÍA S.A.S.
H16: INTEGRANTES | J16: ='00 VERIFICACIÓN DOC'!R11 -> DIEGO FERNANDO CÉSPEDES CONTRERAS
H17: INTEGRANTES | J17: ='00 VERIFICACIÓN DOC'!R15 -> N/A
H18: INTEGRANTES | J18: ='00 VERIFICACIÓN DOC'!R16 -> N/A
H19: INTEGRANTES | J19: ='00 VERIFICACIÓN DOC'!R17 -> N/A
B20: AVALADOR | D20: SI: | E20: ='00 VERIFICACIÓN DOC'!F20 -> _ | F20: NO: | G20: ='00 VERIFICACIÓN DOC'!H20 -> X | H20: MATRÍCULA PROFESIONAL | J20: ='00 VERIFICACIÓN DOC'!R22 -> 0
B21: MIPYME | D21: X | E21: EMPRESA: | F21: =+J16 -> DIEGO FERNANDO CÉSPEDES CONTRERAS | H21: EMPRENDIMIENTO EMPRESA MUJERES | J21: X | K21: EMPRESA: | L21: =+J15 -> CYCO INGENIERÍA S.A.S.
B23: ACTIVIDAD PRINCIPAL | E23: CONSTRUCCIÓN Y/O MEJORAMIENTO Y/O ADECUACIÓN Y/O MANTENIMIENTO Y/O REMODELACIÓN Y/O CONSERVACIÓN Y/O RESTAURACIÓN Y/O RECUPERACIÓN Y/O AMPLIACIÓN Y/O REFORZAMIENTO Y/O MODIFICACIÓN Y/O REPARACIONES LOCATIVAS DE EDIFICACIONES
T26: CUMPLE
T27: NO CUMPLE
T28: CANT. CONTRATOS | U28: =+O41 -> 4
T29: 1 | U29: 0.75
B30: EXPERIENCIA GENERAL | T30: 2 | U30: 0.75
A31: Experiencia | B31: No. | C31: ENTIDAD CONTRATANTE | D31: OBJETO DEL CONTRATO | F31: N° CONTRATO | G31: FECHA DE INICIO | H31: FECHA DE TERMINACIÓN | I31: NOMBRE DEL PARTICIPANTE QUE APORTA LA EXPERIENCIA | K31: No. Consecutivo del reporte del contrato ejecutado en el RUP | L31: CLASIFICADOR DE BIENES Y SERVICIOS | M31: VALOR DEL CONTRATO EN SMMLV | N31: % DE PARTICIPACIÓN | O31: VALOR DEL CONTRATO EN SMMLV x Porcentaje participación | P31: ACTO ADMÓN DECLARATORÍA | Q31: CUMPLE / NO CUMPLE | R31: OBSERVACIÓN | T31: 3 | U31: 1.2
A32: Específica | B32: 1 | C32: COMANDO FAC | D32: OBRA PÚBLICA PARA EL MANTENIMIENTO PREVENTIVO Y CORRECTIVO, CUBIERTAS Y EDIFICACIONES GIMNASIO MILITAR FUERZA AÉREA GIMFA | F32: 084-00-B_x0002_COFAC-BACOF_x0002_2023 | G32: 45226 | H32: 45334 | I32: =+J15 -> CYCO INGENIERÍA S.A.S. | K32: 27 | L32: 721033; 721029; 721015 | M32: 437.88 | N32: 1 | O32: =+M32*N32 -> 437.88 | Q32: CUMPLE | T32: 4 | U32: 1.2
A33: General | B33: 2 | C33: FISCALIA GENERAL DE LA NACION | D33: PRESTAR EL SERVICIO DE OBRAS DE ADECUACIÓN Y/O MANTENIMIENTO LOCATIVO POR EL SISTEMA DE PRECIOS UNITARIOS FIJOS SIN FORMULA DE REAJUSTE Y A TODO COSTO, CON SUMINISTRO DE INSUMOS, MATERIALES, HERRAMIENTA Y MANO DE OBRA, QUE SE REQUIERAN EN LAS SEDES DE LA FISCALÍA GENERAL DE LA NACIÓN REGIONAL EJE CAFETERO, SECCIONAL SEDE RISARALDA, CALDAS Y CHOCÓ | F33: FGN-REC-0010- 2021 | G33: 44396 | H33: 44527 | I33: =+J15 -> CYCO INGENIERÍA S.A.S. | K33: 14 | L33: 721033; 721029; 721015 | M33: 337.75 | N33: 0.97 | O33: =+M33*N33 -> 327.6175 | Q33: CUMPLE | T33: 5 | U33: 1.5
A34: Específica | B34: 3 | C34: DIRECCIÓN DE IMPUESTOS Y ADUANAS NACIONALES | D34: CONTRATAR A PRECIOS UNITARIOS FIJOS LAS OBRAS DE ADECUACIÓN, MANTENIMIENTO Y REPARACIÓN DE LA SEDE DE LA DIRECCIÓN SECCIONAL DE IMPUESTOS Y ADUANAS DE IBAGUÉ | F34: 09-005-2022 | G34: 44791 | H34: 44873 | I34: =+J15 -> CYCO INGENIERÍA S.A.S. | K34: 19 | L34: 721033; 721029; 721015 | M34: 100 | N34: 1 | O34: =+M34*N34 -> 100 | P34: SI | Q34: CUMPLE | R34: Acuerdo 116 de 2000 - POT. Se ajusta la fecha de terminación del contrato de acuerdo con el Acta de Liquidación FT-ADF-2090 del 30 de diciembre de 2022 | T34: 6 | U34: 1.5
A35: Específica | B35: 4 | C35: ALCALDIA MUNICIPAL DE RIOBLANCO | D35: MEJORAMIENTO DE LA INFRAESTRUCTURA DE LA BIBLIOTECA PIO LEÓN VARGAS OVIEDO, LA CASA DE MÚSICA ALBERTO MARTÍNEZ BARBOSA Y EL SALON MULTIPLE - BIBLIOTECA DEL CENTRO POBLADO DE HERRERA DEL MUNICIPIO DE RIOBLANCO TOLIMA | F35: 386-2022 | I35: =+J16 -> DIEGO FERNANDO CÉSPEDES CONTRERAS | K35: 40 | L35: 721033; 721029; 721015 | M35: 172.55 | N35: 1 | O35: =+M35*N35 -> 172.55 | Q35: NO CUMPLE | R35: Falta aportar certificación del contrato | T35: 7 | U35: 1.5
O36: =+M36*N36 -> 0 | Q36: CUMPLE
O37: =+M37*N37 -> 0 | Q37: CUMPLE
O38: =+M38*N38 -> 0 | Q38: CUMPLE
T39: HABILITADO
B40: VALOR SUMATORIA CONTRATOS ACREDITADOS PARA EXPERIENCIA GENERAL DEL PROPONENTE (SMLV) | O40: =SUM(O32:O38) -> 1038.0475 | T40: NO HABILITADO
B41: Cantidad de contratos con los cuales el proponente cumple la experiencia acreditada | O41: 4
B42: Valor mínimo a certificar del Presupuesto oficial de obra (expresado en SMLV), de acuerdo con el documento base, numeral 3.5.7 | O42: =VLOOKUP(O41,$T$29:$U$35,2,FALSE)*(Q10) -> 905.119
B43: Sumatoria igual o superior al 100% del POE | O43: =IF(VLOOKUP(U28,T29:U32,2,FALSE)*Q10<O40,"CUMPLE","NO CUMPLE") -> CUMPLE
B44: Por lo menos uno (1) de los contratos válidos aportados como experiencia general debe corresponder a una edificación BIC | O44: CUMPLE
B45: Por lo menos uno (1) de los contratos válidos aportados como experiencia general debe contemplar la construcción y/o conservación y/o restauración y/o recuperación y/o ampliación y/o reforzamiento y/o modificación de edificaciones consideradas de interés cultural y/o patrimonial. | O45: CUMPLE
B46: MAYOR VALOR DE LOS CONTRATOS ACREDITADOS PARA EXPERIENCIA GENERAL DEL PROPONENTE (SMLV) | O46: =MAX(O32:O38) -> 437.88
B47: Por lo menos uno (1) de los contratos válidos aportados como experiencia general debe corresponder al 50% del presupuesto oficial del presente proceso de selección. | O47: =IF(O46>0.5*Q5,"CUMPLE","NOCUMPLE") -> CUMPLE
B49: INTEGRANTE: | F49: EXP. ACREDITADA | H49: EXPERIENCIA SOLICITADA | J49: % EXPERIENCIA ACREDITADA | M49: % PARTICIPACIÓN EN EL CONSORCIO
B50: =+J15 -> CYCO INGENIERÍA S.A.S. | F50: =+O32+O33+O34 -> 865.4975 | H50: =+O42 -> 905.119 | J50: =+F50/H50 -> 0.95622509 | M50: =+'FORMATO 2'!N29 -> 0.5
B51: =+J16 -> DIEGO FERNANDO CÉSPEDES CONTRERAS | J51: =+F51/H50 -> 0 | M51: =+'FORMATO 2'!N30 -> 0.5
B54: OBSERVACIONES: | D54: OBS.3.1. OBS.3.2.
B56: RESULTADO DE LA EVALUACIÓN | F56: HABILITADO

Sheet FORMATO 5- CAPACIDAD RESIDUAL
D3: MINISTERIO DE LAS CULTURAS, LAS ARTES Y LOS SABERES
D4: PROCESO: SELECCIÓN ABREVIADA DE MENOR CUANTÍA MC-SA-PMC-006-2024
D5: FORMATO 5- CAPACIDAD RESIDUAL
B7: DATOS DEL PROCESO
B8: NO. PROCESO | D8: ='00 VERIFICACIÓN DOC'!Q1 -> MC-SA-PMC-006-2024 | H8: FECHA DE CIERRE | J8: ='00 VERIFICACIÓN DOC'!Q5 -> 45639
B9: OBJETO | D9: ='00 VERIFICACIÓN DOC'!Q2 -> "REALIZAR LAS OBRAS DE PRIMEROS AUXILIOS Y REPARACIONES LOCATIVAS PARA LOS INMUEBLES DENOMINADOS EDIFICIO CENTRAL Y LA TORRE DOCENTE EN EL HOSPITAL SAN JUAN DE DIOS E INSTITUTO MATERNO INFANTIL"
B11: PRESUPUESTO OFICIAL | D11: ='00 VERIFICACIÓN DOC'!Q3 -> 980545587 | H11: PRESUPUESTO OFICIAL EN SMMLV | J11: ='00 VERIFICACIÓN DOC'!Q4 -> 754.26584
H12: FECHA DE ACTUALIZACIÓN | J12: 45280
B13: DATOS DEL OFERENTE
B14: NOMBRE REPRESENTANTE LEGAL | D14: ='00 VERIFICACIÓN DOC'!R2 -> LUIS CARLOS OROZCO CASTRO | H14: CÉDULA DE CIUDADANÍA | J14: ='00 VERIFICACIÓN DOC'!R5 -> 1110549948
H15: MATRÍCULA PROFESIONAL | J15: ='00 VERIFICACIÓN DOC'!R3 -> 70202-326327 TLM
B16: PROPONENTE | D16: ='00 VERIFICACIÓN DOC'!R1 -> CONSORCIO OBRAS DICO | H16: INTEGRANTES | J16: ='00 VERIFICACIÓN DOC'!R4 -> CYCO INGENIERÍA S.A.S.
H17: INTEGRANTES | J17: ='00 VERIFICACIÓN DOC'!R11 -> DIEGO FERNANDO CÉSPEDES CONTRERAS
H18: INTEGRANTES | J18: ='00 VERIFICACIÓN DOC'!R15 -> N/A
H19: INTEGRANTES | J19: ='00 VERIFICACIÓN DOC'!R16 -> N/A
H20: INTEGRANTES | J20: ='00 VERIFICACIÓN DOC'!R17 -> N/A
B21: AVALADOR | D21: SI: | E21: ='00 VERIFICACIÓN DOC'!F20 -> _ | F21: NO: | G21: ='00 VERIFICACIÓN DOC'!H20 -> X | H21: MATRÍCULA PROFESIONAL | J21: ='00 VERIFICACIÓN DOC'!R22 -> 0
B23: CAPACIDAD RESIDUAL PROPONENTE: | E23: =+J16 -> CYCO INGENIERÍA S.A.S.
B24: Factor | D24: Puntaje máximo | E24: Puntaje obtenido | F24: CAPACIDAD RESIDUAL | H24: Presupuesto oficial
B25: Experiencia (E) | D25: 120 | E25: =+F46 -> 100 | F25: =(E28*((E25+E26+E27)/100))-E29 -> 1.1331782e+09 | H25: AÑO PUBLICACIÓN | I25: 2024
B26: Capacidad financiera (CF) | D26: 40 | E26: =+F89 -> 40 | H26: VALOR | I26: =+D11 -> 980545587
B27: Capacidad técnica (CT) | D27: 40 | E27: =+F115 -> 20 | H27: SMMLV | I27: =+J11 -> 754.26584
B28: Capacidad organizacional (CO) | E28: =+L36 -> 805471190
B29: Saldos de contratos en ejecución (SCE) | E29: =+K129 -> 1.5557569e+08
B31: A. CAPACIDAD DE ORGANIZACIÓN DEL PROPONENTE
B32: AÑOS DE INFORMACIÓN FINANCIERA | E32: CAPACIDAD DE ORGANIZACIÓN | L32: VALORES
B33: Cinco (5) años o más. | E33: Mayor Ingreso Operacional obtenido en los últimos cinco (5) años. | L33: 805471190
B34: Entre uno (1) y cinco (5) años. * | E34: Mayor Ingreso Operacional obtenido en los años de constitución formal del proponente
B35: Menos de un (1) año. ** | E35: **USD 125.000,00
B36: CO | L36: =MAX(L33:M35) -> 805471190
B38: Evaluación: | C38: CUMPLE | E38: Observación: | F38: De acuerdo con lo requerido por la entidad se recibe el subsane el dictamen de auditoria a 31 de diciembre de 2022, siendo este el año repotado como mayor ingreso operacional, en los términos del numeral 3,10,1, literal A. Tambien aportó el certificado de antecedentes disciplinarios vigente del Sr. Carlos Eduardo Bedoya
B40: B. EXPERIENCIA
B41: Valor total de los contratos inscritos en el RUP en Pesos (1) | E41: 3228812210 | F41: =IF(E42>0,(ROUND((E42/(I27*E43)),2)),0) -> 6.57
B42: Valor de los contratos inscritos en el RUP en SMMLV (2) | E42: =SUM(E52:E80) -> 2479.4173 | H42: Notas:
B43: Porcentaje de participación cuando el proponente es plural. | E43: =+'FORMATO 2'!N29 -> 0.5 | H43: (1) Valor reportado por el oferente en los documentos allegados. Certificación firmada por el representante legal
B44: EXPERIENCIA TOTAL OFERENTE (INDIVIDUAL O PLURAL) | H44: (2) Valor verificado por la Entidad en el orden del consecutivo RUP, que inician por 72. No corresponde a la totalidad de los contratos inscritos en el RUP, pero otorgan el máximo puntaje a obtener.
B45: SUPERIOR A | C45: HASTA | D45: PUNTAJE | F45: PUNTAJE
B46: 0 | C46: 3 | D46: 60 | F46: =IF(F41<C46,D46,IF(AND(F41>=B47,F41<C47),D47,IF(AND(F41>=B48,F41<C48),D48,D49))) -> 100 | H46: (3) Si el contrato no corresponde al segmento 72, esta contratación se reporta con valor contratado = 0
B47: 3 | C47: 6 | D47: 80
B48: 6 | C48: 10 | D48: 100
B49: 10 | C49: En adelante | D49: 120 | H49: Evaluación: | I49: CUMPLE
B51: No. Consecutivo RUP | C51: Valor contratado en SMMLV (3) | D51: % Participación | E51: Valor experiencia SMMLV | H51: Observaciones: | I51: El proponente reporta en el formato un valor diferente en el contrato No. 26, con respecto a lo reportado en el RUP. La Entidad toma como valor de verificación el reportado en el RUP.
B52: 1 | C52: 24.2 | D52: 0.5 | E52: =+C52*D52 -> 12.1
B53: 2 | C53: 59.03 | D53: 0.5 | E53: =+C53*D53 -> 29.515
B54: 3 | C54: 21.64 | D54: 0.5 | E54: =+C54*D54 -> 10.82
B55: 4 | C55: 20.49 | D55: 0.5 | E55: =+C55*D55 -> 10.245
B56: 5 | C56: 35.67 | D56: 0.5 | E56: =+C56*D56 -> 17.835
B57: 6 | C57: 58.19 | D57: 0.5 | E57: =+C57*D57 -> 29.095
B58: 7 | C58: 124.79 | D58: 1 | E58: =+C58*D58 -> 124.79
B59: 8 | C59: 82.54 | D59: 0.97 | E59: =+C59*D59 -> 80.0638
B60: 9 | C60: 63.97 | D60: 1 | E60: =+C60*D60 -> 63.97
B61: 10 | C61: 71.8 | D61: 0.97 | E61: =+C61*D61 -> 69.646
B62: 11 | C62: 37.3 | D62: 0.97 | E62: =+C62*D62 -> 36.181
B63: 12 | C63: 40.28 | D63: 0.5 | E63: =+C63*D63 -> 20.14
... B79: 28 | C79: 208.14 | D79: 1 | E79: =+C79*D79 -> 208.14
B80: 29 | E80: =+C80*D80 -> 0
B83: C. CAPACIDAD FINANCIERA DEL OFERENTE
B84: =CONCATENATE("Experiencia (Individual o Consorciado) ") -> Experiencia (Individual o Consorciado)
B85: Activo Corriente | C85: 293561577
B86: Pasivo Corriente. | C86: 24796674
B87: Índice de Liquidez. | E87: =IF(C85>0,(ROUND((C85/C86),4)),0) -> 11.8387
B88: I.L. SUPERIOR A | C88: I.L. HASTA | D88: PUNTAJE PREVISTO | F88: PUNTAJE
B89: 0 | C89: 0.5 | D89: 20 | F89: =IF(E87<C89,D89,IF(AND(E87>=B90,E87<C90),D90,IF(AND(E87>=B91,E87<C91),D91,IF(AND(E87<=B92,E87>C92),D89,D93)))) -> 40
B90: 0.5 | C90: 0.75 | D90: 25
B91: 0.75 | C91: 1 | D91: 30
B92: 1 | C92: 1.5 | D92: 35
B93: 1.5 | D93: 40 | H93: Evaluación: | I93: CUMPLE
B95: D. CAPACIDAD TÉCNICA
B96: REGISTRO DE PROFESIONALES
B97: NOMBRE | D97: Número y año del Contrato Laboral o de la prestación de servicios profesionales | F97: Vigencia del Contrato | H97: NÚMERO MATRÍCULA PROFESIONAL | J97: COPIA MATRÍCULA PROFESIONAL | L97: PROFESIÓN
J98: SI | K98: NO
B99: LUIS CARLOS OROZCO CASTRO | D99: Contrato 01 del 04/12/2019 | F99: Indefinido | H99: 70202-326327 TLM | J99: x | L99: Ingeniero Civil
B112: Capacidad técnica
B113: PROFESIONALES TOTALES OFERENTE (INDIVIDUAL O PLURAL) | F113: 1
B114: Profesionales arquitectura, ingeniería, y geología | C114: DESDE: | D114: HASTA: | E114: PUNTAJE PREVISTO | F114: PUNTAJE | H114: Observación:
C115: 1 | D115: 5 | E115: 20 | F115: =IF(F113<=5,20,IF(F113>=11,40,30)) -> 20
C116: 6 | D116: 10 | E116: 30
C117: 11 | D117: En adelante | E117: 40 | H117: Evaluación: | I117: CUMPLE
B119: E. SALDO DE CONTRATOS EN EJECUCIÓN
B120: Consecutivo | C120: Contrato No. | D120: Fecha de inicio | E120: Plazo | F120: Porcentaje participación | G120: Dias ejecutados | H120: Fecha suspensión | I120: Plazo faltante | J120: Valor contrato | K120: Saldo contrato ejecución | L120: Observaciones de la Entidad
E121: (Dias) | H121: (Si aplica)
B122: 1 | C122: FISCALIA GENERAL DE LA NACION | D122: 45482 | E122: =5.5*30 -> 165 | F122: 0.9 | G122: =IF(H122>0,_xlfn.DAYS(H122,D122),_xlfn.DAYS(DATE(2024,12,13),D122)) -> 157 | I122: =+IF(G122>E122,0,E122-G122) -> 8 | J122: 8.4657208e+08 | K122: =(J122/E122)*I122*F122 -> 36941327 | L122: No se reporta el No. Del contrato
B123: 2 | C123: FONDO FINANCIERO DISTRITAL DE SALUD - ALCALDIA DE BOGOTA D.C | D123: 45601 | E123: 60 | F123: 0.5 | G123: =IF(H123>0,_xlfn.DAYS(H123,D123),_xlfn.DAYS(DATE(2024,12,13),D123)) -> 38 | I123: =+IF(G123>E123,0,E123-G123) -> 22 | J123: 623470854 | K123: =(J123/E123)*I123*F123 -> 1.1430299e+08 | L123: No se reporta el No. Del contrato
B124: 3 | C124: CENTRAL ADMINISTRATIVA Y CONTABLE CENAC IBAGUE | D124: 45595 | E124: =1.5*30 -> 45 | F124: 1 | G124: =IF(H124>0,_xlfn.DAYS(H124,D124),_xlfn.DAYS(DATE(2024,12,13),D124)) -> 44 | I124: =+IF(G124>E124,0,E124-G124) -> 1 | J124: 1.9491177e+08 | K124: =(J124/E124)*I124*F124 -> 4331372.7 | L124: No se reporta el No. Del contrato
B125: 4
B129: VALOR FINAL CONTRATOS EN EJECUCIÓN (SCE) | K129: =SUM(K122:K128) -> 1.5557569e+08
B131: Evaluación: | C131: CUMPLE | E131: Observación:
B134: CAPACIDAD RESIDUAL PROPONENTE: | E134: =+J17 -> DIEGO FERNANDO CÉSPEDES CONTRERAS
B135: Factor | D135: Puntaje máximo | E135: Puntaje obtenido | F135: CAPACIDAD RESIDUAL | H135: Presupuesto oficial
B136: Experiencia (E) | D136: 120 | E136: =+F157 -> 120 | F136: =(E139*((E136+E137+E138)/100))-E140 -> 9.7317921e+08 | H136: AÑO PUBLICACIÓN | I136: =+I25 -> 2024
B137: Capacidad financiera (CF) | D137: 40 | E137: =+F227 -> 40 | H137: VALOR | I137: =+I26 -> 980545587
B138: Capacidad técnica (CT) | D138: 40 | E138: =+F253 -> 20 | H138: SMMLV | I138: =+I27 -> 754.26584
B139: Capacidad organizacional (CO) | E139: =+L147 -> 736080000
B140: Saldos de contratos en ejecución (SCE) | E140: =+K267 -> 3.5176479e+08
B142: A. CAPACIDAD DE ORGANIZACIÓN DEL PROPONENTE
B143: AÑOS DE INFORMACIÓN FINANCIERA | E143: CAPACIDAD DE ORGANIZACIÓN | L143: VALORES
B144: Cinco (5) años o más. | E144: Mayor Ingreso Operacional obtenido en los últimos cinco (5) años. | L144: 736080000
B145: Entre uno (1) y cinco (5) años. * | E145: Mayor Ingreso Operacional obtenido en los años de constitución formal del proponente
B146: Menos de un (1) año. ** | E146: **USD 125.000,00
B147: CO | L147: =MAX(L144:M146) -> 736080000
...

Sheet FORMATO 6- SEGURIDAD
D3: MINISTERIO DE LAS CULTURAS, LAS ARTES Y LOS SABERES
D4: PROCESO: LICITACIÓN DE OBRA PÚBLICA DE INFRAESTRUCTURA SOCIAL MC LP 130 2023
D5: FORMATO 6- PAGOS DE SEGURIDAD SOCIAL Y APORTES LEGALES
B7: DATOS DEL PROCESO
B8: NO. PROCESO | D8: ='00 VERIFICACIÓN DOC'!Q1 -> MC-SA-PMC-006-2024 | H8: FECHA DE CIERRE | J8: ='00 VERIFICACIÓN DOC'!Q5 -> 45639
B9: OBJETO | D9: ='00 VERIFICACIÓN DOC'!Q2 -> "REALIZAR LAS OBRAS DE PRIMEROS AUXILIOS Y REPARACIONES LOCATIVAS PARA LOS INMUEBLES DENOMINADOS EDIFICIO CENTRAL Y LA TORRE DOCENTE EN EL HOSPITAL SAN JUAN DE DIOS E INSTITUTO MATERNO INFANTIL"
B11: PRESUPUESTO OFICIAL | D11: ='00 VERIFICACIÓN DOC'!Q3 -> 980545587 | H11: PRESUPUESTO OFICIAL EN SMMLV | J11: ='00 VERIFICACIÓN DOC'!Q4 -> 754.26584
B13: DATOS DEL OFERENTE
B14: NOMBRE REPRESENTANTE LEGAL | D14: ='00 VERIFICACIÓN DOC'!R2 -> LUIS CARLOS OROZCO CASTRO | H14: CÉDULA CIUDADANÍA | J14: ='00 VERIFICACIÓN DOC'!R5 -> 1110549948
H15: MATRÍCULA PROFESIONAL | J15: ='00 VERIFICACIÓN DOC'!R3 -> 70202-326327 TLM
B16: PROPONENTE | D16: ='00 VERIFICACIÓN DOC'!R1 -> CONSORCIO OBRAS DICO | H16: INTEGRANTES | J16: ='00 VERIFICACIÓN DOC'!R4 -> CYCO INGENIERÍA S.A.S.
H17: INTEGRANTES | J17: ='00 VERIFICACIÓN DOC'!R11 -> DIEGO FERNANDO CÉSPEDES CONTRERAS
H18: INTEGRANTES | J18: ='00 VERIFICACIÓN DOC'!R15 -> N/A
H19: INTEGRANTES | J19: ='00 VERIFICACIÓN DOC'!R16 -> N/A
H20: INTEGRANTES | J20: ='00 VERIFICACIÓN DOC'!R17 -> N/A
B21: APODERADO | D21: SI: | E21: ___ | F21: NO: | G21: ='00 VERIFICACIÓN DOC'!H20 -> X | H21: MATRÍCULA PROFESIONAL | J21: ='00 VERIFICACIÓN DOC'!R22 -> 0
B23: DOCUMENTOS ADJUNTOS AL FORMATO (PERSONAS JURÍDICAS)
B24: COPIA CÉDULA DE CIUDADANÍA REPRESENTANTE LEGAL O APODERADO | K24: APORTA: | M24: POR REVISAR
B25: MATRICULA PROFESIONAL REPRESENTANTE LEGAL O APODERADO | K25: APORTA: | M25: POR REVISAR
B26: NIT | K26: APORTA: | M26: POR REVISAR
B27: COPIA CÉDULA DE CIUDADANÍA REVISOR FISCAL | K27: APORTA: | M27: POR REVISAR
B28: COPIA TARJETA PROFESIONAL REVISOR FISCAL | K28: APORTA: | M28: POR REVISAR
B29: CERTIFICADO PAGO APORTES SEGURIDAD SOCIAL EMPLEADOS | K29: APORTA: | M29: POR REVISAR
B31: NOTA*
B33: DOCUMENTOS ADJUNTOS AL FORMATO (PERSONAS NATURALES)
B34: COPIA CÉDULA DE CIUDADANÍA REPRESENTANTE LEGAL O APODERADO | K34: APORTA: | M34: POR REVISAR
B35: MATRICULA PROFESIONAL REPRESENTANTE LEGAL O APODERADO | K35: APORTA: | M35: POR REVISAR
B36: CERTIFICACIÓN AFILIACIÓN CON FECHA DE EXPEDICIÓN NO MAYOR A TREINTA (30) DÍAS | K36: APORTA: | M36: POR REVISAR
B37: SI LA PERSONA CUMPLE CON LOS REQUISITOS DE PENSIÓN PRESENTAR CERTIFICADO QUE ACREDITE ESTA CONDICIÓN. | K37: APORTA: | M37: POR REVISAR
B39: NOTA* | D39: Proponentes plurales deben presentar por separado los requisitos
B42: OBSERVACIONES | D42: OBS.6.1. OBS.6.2.
I48: RESULTADO DE LA EVALUACIÓN | M48: PENDIENTE

Sheet FORMATO 7- FACTOR DE CALIDAD
D3: MINISTERIO DE LAS CULTURAS, LAS ARTES Y LOS SABERES
D4: PROCESO: SELECCIÓN ABREVIADA DE MENOR CUANTÍA MC-SA-PMC-006-2024
D5: FORMATO 7- FACTOR DE CALIDAD
B7: DATOS DEL PROCESO
B8: NO. PROCESO | D8: ='00 VERIFICACIÓN DOC'!Q1 -> MC-SA-PMC-006-2024 | H8: FECHA DE CIERRE | J8: ='00 VERIFICACIÓN DOC'!Q5 -> 45639
B9: OBJETO | D9: ='00 VERIFICACIÓN DOC'!Q2 -> "REALIZAR LAS OBRAS DE PRIMEROS AUXILIOS Y REPARACIONES LOCATIVAS PARA LOS INMUEBLES DENOMINADOS EDIFICIO CENTRAL Y LA TORRE DOCENTE EN EL HOSPITAL SAN JUAN DE DIOS E INSTITUTO MATERNO INFANTIL"
B11: PRESUPUESTO OFICIAL | D11: ='00 VERIFICACIÓN DOC'!Q3 -> 980545587 | H11: PRESUPUESTO OFICIAL EN SMMLV | J11: ='00 VERIFICACIÓN DOC'!Q4 -> 754.26584
B13: DATOS DEL OFERENTE
B14: NOMBRE REPRESENTANTE LEGAL | D14: ='00 VERIFICACIÓN DOC'!R2 -> LUIS CARLOS OROZCO CASTRO | H14: CÉDULA DE CIUDADANÍA | J14: ='00 VERIFICACIÓN DOC'!R5 -> 1110549948
H15: MATRÍCULA PROFESIONAL | J15: ='00 VERIFICACIÓN DOC'!R3 -> 70202-326327 TLM
B16: PROPONENTE | D16: ='00 VERIFICACIÓN DOC'!R1 -> CONSORCIO OBRAS DICO | H16: INTEGRANTES | J16: ='00 VERIFICACIÓN DOC'!R4 -> CYCO INGENIERÍA S.A.S.
H17: INTEGRANTES | J17: ='00 VERIFICACIÓN DOC'!R11 -> DIEGO FERNANDO CÉSPEDES CONTRERAS
H18: INTEGRANTES | J18: ='00 VERIFICACIÓN DOC'!R15 -> N/A
H19: INTEGRANTES | J19: ='00 VERIFICACIÓN DOC'!R16 -> N/A
H20: INTEGRANTES | J20: ='00 VERIFICACIÓN DOC'!R17 -> N/A
B21: AVALADOR | D21: SI: | E21: ___ | F21: NO: | G21: ='00 VERIFICACIÓN DOC'!H20 -> X | H21: MATRÍCULA PROFESIONAL | J21: N/A
B24: FORMATO 7C- PLAN DE CALIDAD (20 PUNTOS)
B25: COPIA CÉDULA DE CIUDADANÍA REPRESENTANTE LEGAL O AVALADOR | K25: APORTA: | M25: SI
B26: MATRICULA PROFESIONAL REPRESENTANTE LEGAL O AVALADOR | K26: APORTA: | M26: SI
B27: SUSCRIPCIÓN FORMATO 7C- PLAN DE CALIDAD | K27: APORTA: | M27: SI
B29: NOTA*
B32: OBSERVACIONES | D32: OBS.7.1. Cumple ya que suscribió el FORMATO 7C- PLAN DE CALIDAD
I37: RESULTADO DE LA EVALUACIÓN | M37: CUMPLE

Sheet FORMATO 8- VINCULACIÓN 
D3: MINISTERIO DE LAS CULTURAS, LAS ARTES Y LOS SABERES
D4: PROCESO: SELECCIÓN ABREVIADA DE MENOR CUANTÍA MC-SA-PMC-006-2024
D5: FORMATO 8- VINCULACIÓN PERSONAS CON DISCAPACIDAD
B7: DATOS DEL PROCESO
B8: NO. PROCESO | D8: ='00 VERIFICACIÓN DOC'!Q1 -> MC-SA-PMC-006-2024 | H8: FECHA DE CIERRE | J8: ='00 VERIFICACIÓN DOC'!Q5 -> 45639
B9: OBJETO | D9: ='00 VERIFICACIÓN DOC'!Q2 -> "REALIZAR LAS OBRAS DE PRIMEROS AUXILIOS Y REPARACIONES LOCATIVAS PARA LOS INMUEBLES DENOMINADOS EDIFICIO CENTRAL Y LA TORRE DOCENTE EN EL HOSPITAL SAN JUAN DE DIOS E INSTITUTO MATERNO INFANTIL"
B11: PRESUPUESTO OFICIAL | D11: ='00 VERIFICACIÓN DOC'!Q3 -> 980545587 | H11: PRESUPUESTO OFICIAL EN SMMLV | J11: ='00 VERIFICACIÓN DOC'!Q4 -> 754.26584
B13: DATOS DEL OFERENTE
B14: NOMBRE REPRESENTANTE LEGAL | D14: ='00 VERIFICACIÓN DOC'!R2 -> LUIS CARLOS OROZCO CASTRO | H14: CÉDULA CIUDADANÍA | J14: ='00 VERIFICACIÓN DOC'!R5 -> 1110549948
H15: MATRÍCULA PROFESIONAL | J15: ='00 VERIFICACIÓN DOC'!R3 -> 70202-326327 TLM
B16: PROPONENTE | D16: ='00 VERIFICACIÓN DOC'!R1 -> CONSORCIO OBRAS DICO | H16: INTEGRANTES | J16: ='00 VERIFICACIÓN DOC'!R4 -> CYCO INGENIERÍA S.A.S.
H17: INTEGRANTES | J17: ='00 VERIFICACIÓN DOC'!R11 -> DIEGO FERNANDO CÉSPEDES CONTRERAS
H18: INTEGRANTES | J18: ='00 VERIFICACIÓN DOC'!R15 -> N/A
H19: INTEGRANTES | J19: ='00 VERIFICACIÓN DOC'!R16 -> N/A
H20: INTEGRANTES | J20: ='00 VERIFICACIÓN DOC'!R17 -> N/A
B21: AVALADOR | D21: SI: | E21: ='00 VERIFICACIÓN DOC'!F20 -> _ | F21: NO: | G21: ='00 VERIFICACIÓN DOC'!H20 -> X | H21: MATRÍCULA PROFESIONAL | J21: ='00 VERIFICACIÓN DOC'!R22 -> 0
B23: DOCUMENTOS ADJUNTOS AL FORMATO
B24: MATRICULA PROFESIONAL REPRESENTANTE LEGAL O REVISOR FISCAL | K24: APORTA: | M24: SI
B25: CERTIFICADO EXPEDIDO POR MINISTERIO DE TRABAJO VIGENTE. | K25: APORTA: | M25: NO
B26: SUSCRIPCIÓN FORMATO 8- VINCULACIÓN PERSONAS CON DISCAPACIDAD | K26: APORTA: | M26: NO
B28: NOTA*
B30: OBSERVACIONES | D30: No se aportan certificaciones que acrediten personas con discapacidad vinculadas a los integrantes del Consorcio.
I35: RESULTADO DE LA EVALUACIÓN | M35: NO CUMPLE

Sheet FORMATO 9
D3: MINISTERIO DE LAS CULTURAS, LAS ARTES Y LOS SABERES
D4: PROCESO: SELECCIÓN ABREVIADA DE MENOR CUANTÍA MC-SA-PMC-006-2024
D5: FORMATO 9- PUNTAJE DE INDUSTRIA NACIONAL
B7: DATOS DEL PROCESO
B8: NO. PROCESO | D8: ='00 VERIFICACIÓN DOC'!Q1 -> MC-SA-PMC-006-2024 | H8: FECHA DE CIERRE | J8: ='00 VERIFICACIÓN DOC'!Q5 -> 45639
B9: OBJETO | D9: ='00 VERIFICACIÓN DOC'!Q2 -> "REALIZAR LAS OBRAS DE PRIMEROS AUXILIOS Y REPARACIONES LOCATIVAS PARA LOS INMUEBLES DENOMINADOS EDIFICIO CENTRAL Y LA TORRE DOCENTE EN EL HOSPITAL SAN JUAN DE DIOS E INSTITUTO MATERNO INFANTIL"
B11: PRESUPUESTO OFICIAL | D11: ='00 VERIFICACIÓN DOC'!Q3 -> 980545587 | H11: PRESUPUESTO OFICIAL EN SMMLV | J11: ='00 VERIFICACIÓN DOC'!Q4 -> 754.26584
B13: DATOS DEL OFERENTE
B14: NOMBRE REPRESENTANTE LEGAL | D14: ='00 VERIFICACIÓN DOC'!R2 -> LUIS CARLOS OROZCO CASTRO | H14: CÉDULA DE CIUDADANÍA | J14: ='00 VERIFICACIÓN DOC'!R5 -> 1110549948
H15: MATRÍCULA PROFESIONAL | J15: ='00 VERIFICACIÓN DOC'!R3 -> 70202-326327 TLM
B16: PROPONENTE | D16: ='00 VERIFICACIÓN DOC'!R1 -> CONSORCIO OBRAS DICO | H16: INTEGRANTES | J16: ='00 VERIFICACIÓN DOC'!R4 -> CYCO INGENIERÍA S.A.S.
H17: INTEGRANTES | J17: ='00 VERIFICACIÓN DOC'!R11 -> DIEGO FERNANDO CÉSPEDES CONTRERAS
H18: INTEGRANTES | J18: ='00 VERIFICACIÓN DOC'!R15 -> N/A
H19: INTEGRANTES | J19: ='00 VERIFICACIÓN DOC'!R16 -> N/A
H20: INTEGRANTES | J20: ='00 VERIFICACIÓN DOC'!R17 -> N/A
B21: AVALADOR | D21: SI: | E21: ='00 VERIFICACIÓN DOC'!F20 -> _ | F21: NO: | G21: ='00 VERIFICACIÓN DOC'!H20 -> X | H21: MATRÍCULA PROFESIONAL | J21: ='00 VERIFICACIÓN DOC'!R22 -> 0
B23: DOCUMENTOS ADJUNTOS AL FORMATO
B24: COPIA CÉDULA DE CIUDADANÍA REPRESENTANTE LEGAL O AVALADOR | K24: APORTA: | M24: SI
B25: MATRICULA PROFESIONAL REPRESENTANTE LEGAL O AVALADOR | K25: APORTA: | M25: SI
B26: SUSCRIPCIÓN FORMATO 9- PUNTAJE DE INDUSTRIA NACIONAL | K26: APORTA: | M26: SI
B29: OBSERVACIONES | D29: OBS.9.1.Cumple con la suscripción correcta del FORMATO 9- PUNTAJE INDUSTRIA NACIONAL suscrito por el Representante Legal, además se adjunta cédulas de los representantes legales y RUP de empresas que conformarán el consorcio.
I34: RESULTADO DE LA EVALUACIÓN | M34: CUMPLE

Sheet FORMATO 10A
D3: MINISTERIO DE LAS CULTURAS, LAS ARTES Y LOS SABERES
D4: PROCESO: LICITACIÓN DE OBRA PÚBLICA DE INFRAESTRUCTURA SOCIAL MC LP 130 2023
D5: FORMATO 10A- PARTICIPACIÓN MAYORITARIA DE MUJERES CABEZA DE FAMILIA Y/O MUJERES VICTIMA DE VIOLENCIA INTRAFAMILIAR (PERSONA JURÍDICA)
B7: DATOS DEL PROCESO
B8: NO. PROCESO | D8: ='00 VERIFICACIÓN DOC'!Q1 -> MC-SA-PMC-006-2024 | H8: FECHA DE CIERRE | J8: =+'FORMATO 1'!T2 -> 45639
B9: OBJETO | D9: ='00 VERIFICACIÓN DOC'!Q2 -> "REALIZAR LAS OBRAS DE PRIMEROS AUXILIOS Y REPARACIONES LOCATIVAS PARA LOS INMUEBLES DENOMINADOS EDIFICIO CENTRAL Y LA TORRE DOCENTE EN EL HOSPITAL SAN JUAN DE DIOS E INSTITUTO MATERNO INFANTIL"
B11: PRESUPUESTO OFICIAL | D11: ='00 VERIFICACIÓN DOC'!Q3 -> 980545587 | H11: PRESUPUESTO OFICIAL EN SMMLV | J11: ='00 VERIFICACIÓN DOC'!Q4 -> 754.26584
B13: DATOS DEL OFERENTE
B14: NOMBRE REPRESENTANTE LEGAL | D14: ='00 VERIFICACIÓN DOC'!R2 -> LUIS CARLOS OROZCO CASTRO | H14: CÉDULA CIUDADANÍA | J14: ='00 VERIFICACIÓN DOC'!R5 -> 1110549948
H15: MATRÍCULA PROFESIONAL | J15: ='00 VERIFICACIÓN DOC'!R3 -> 70202-326327 TLM
B16: PROPONENTE | D16: ='00 VERIFICACIÓN DOC'!R1 -> CONSORCIO OBRAS DICO | H16: INTEGRANTES | J16: ='00 VERIFICACIÓN DOC'!R4 -> CYCO INGENIERÍA S.A.S.
H17: INTEGRANTES | J17: ='00 VERIFICACIÓN DOC'!R11 -> DIEGO FERNANDO CÉSPEDES CONTRERAS
H18: INTEGRANTES | J18: ='00 VERIFICACIÓN DOC'!R15 -> N/A
H19: INTEGRANTES | J19: ='00 VERIFICACIÓN DOC'!R16 -> N/A
H20: INTEGRANTES | J20: ='00 VERIFICACIÓN DOC'!R17 -> N/A
B21: AVALADOR | D21: SI: | E21: ='00 VERIFICACIÓN DOC'!F20 -> _ | F21: NO: | G21: ='00 VERIFICACIÓN DOC'!H20 -> X | H21: MATRÍCULA PROFESIONAL | J21: ='00 VERIFICACIÓN DOC'!R22 -> 0
B23: PERSONA JURÍDICA
B24: SUSCRIPCIÓN FORMATO 10A- PARTICIPACIÓN MAYORITARIA DE MUJERES CABEZA DE FAMILIA Y/O MUJERES VICTIMA DE VIOLENCIA INTRAFAMILIAR (PERSONA JURÍDICA) | K24: APORTA: | M24: NO APLICA
B25: COPIA CÉDULA DE CIUDADANÍA REPRESENTANTE LEGAL O AVALADOR | K25: APORTA: | M25: SI
B26: MATRICULA PROFESIONAL REPRESENTANTE LEGAL O AVALADOR | K26: APORTA: | M26: SI
B27: NIT | K27: APORTA: | M27: NO APLICA
B28: CERTIFICADO EXPEDIDO POR MINISTERIO DE TRABAJO VIGENTE | K28: APORTA: | M28: NO APLICA
B29: COPIA CÉDULA DE CIUDADANIA DE CADA MUJER PARTICIPE DE LA SOCIEDAD | K29: APORTA: | M29: NO APLICA
B32: OBSERVACIONES | D32: OBS.10A.1. OBS.10A.2.
I37: RESULTADO DE LA EVALUACIÓN | M37: NO APLICA

Sheet FORMATO 10B
D3: MINISTERIO DE LAS CULTURAS, LAS ARTES Y LOS SABERES
D4: PROCESO: LICITACIÓN DE OBRA PÚBLICA DE INFRAESTRUCTURA SOCIAL MC LP 130 2023
D5: FORMATO 10B- VINCULACIÓN DE PERSONAS EN CONDICIÓN DE DISCAPACIDAD
B7: DATOS DEL PROCESO
B8: NO. PROCESO | D8: ='00 VERIFICACIÓN DOC'!Q1 -> MC-SA-PMC-006-2024 | H8: FECHA DE CIERRE | J8: ='00 VERIFICACIÓN DOC'!Q5 -> 45639
B9: OBJETO | D9: ='00 VERIFICACIÓN DOC'!Q2 -> "REALIZAR LAS OBRAS DE PRIMEROS AUXILIOS Y REPARACIONES LOCATIVAS PARA LOS INMUEBLES DENOMINADOS EDIFICIO CENTRAL Y LA TORRE DOCENTE EN EL HOSPITAL SAN JUAN DE DIOS E INSTITUTO MATERNO INFANTIL"
B11: PRESUPUESTO OFICIAL | D11: ='00 VERIFICACIÓN DOC'!Q3 -> 980545587 | H11: PRESUPUESTO OFICIAL EN SMMLV | J11: ='00 VERIFICACIÓN DOC'!Q4 -> 754.26584
B13: DATOS DEL OFERENTE
B14: NOMBRE REPRESENTANTE LEGAL | D14: ='00 VERIFICACIÓN DOC'!R2 -> LUIS CARLOS OROZCO CASTRO | H14: CÉDULA DE CIUDADANÍA | J14: ='00 VERIFICACIÓN DOC'!R5 -> 1110549948
H15: MATRÍCULA PROFESIONAL | J15: ='00 VERIFICACIÓN DOC'!R3 -> 70202-326327 TLM
B16: PROPONENTE | D16: ='00 VERIFICACIÓN DOC'!R1 -> CONSORCIO OBRAS DICO | H16: INTEGRANTES | J16: ='00 VERIFICACIÓN DOC'!R4 -> CYCO INGENIERÍA S.A.S.
H17: INTEGRANTES | J17: ='00 VERIFICACIÓN DOC'!R11 -> DIEGO FERNANDO CÉSPEDES CONTRERAS
H18: INTEGRANTES | J18: ='00 VERIFICACIÓN DOC'!R15 -> N/A
H19: INTEGRANTES | J19: ='00 VERIFICACIÓN DOC'!R16 -> N/A
H20: INTEGRANTES | J20: ='00 VERIFICACIÓN DOC'!R17 -> N/A
B21: AVALADOR | D21: SI: | E21: ='00 VERIFICACIÓN DOC'!F20 -> _ | F21: NO: | G21: ='00 VERIFICACIÓN DOC'!H20 -> X | H21: MATRÍCULA PROFESIONAL
B23: PERSONA JURÍDICA
B24: SUSCRIPCIÓN FORMATO 10B- VINCULACIÓN DE PERSONAS EN CONDICIÓN DE DISCAPACIDAD | K24: APORTA: | M24: NO APLICA
B25: COPIA CÉDULA DE CIUDADANÍA REPRESENTANTE LEGAL O AVALADOR | K25: APORTA: | M25: SI
B26: MATRICULA PROFESIONAL REPRESENTANTE LEGAL O AVALADOR | K26: APORTA: | M26: SI
B27: NIT | K27: APORTA: | M27: NO APLICA
B28: CERTIFICADO EXPEDIDO POR EL MINISTERIO DE TRABAJO VIGENTE | K28: APORTA: | M28: NO APLICA
B29: COPIA CÉDULA DE CIUDADANÍA EMPLEO EN CONDICIÓN DE DISCAPACIDAD | K29: APORTA: | M29: NO APLICA
B30: CERTIFICADO DE APORTES AL SISTEMA DE SEGURIDAD SOCIAL (ÚLTIMO AÑO) | K30: APORTA: | M30: NO APLICA
B32: NOTA*
B34: OBSERVACIONES | D34: OBS.10B.1. OBS.10B.2.
I39: RESULTADO DE LA EVALUACIÓN | M39: NO APLICA

Sheet FORMATO 10C
D3: MINISTERIO DE LAS CULTURAS, LAS ARTES Y LOS SABERES
D4: PROCESO: LICITACIÓN DE OBRA PÚBLICA DE INFRAESTRUCTURA SOCIAL MC LP 130 2023
D5: FORMATO 10C- VINCULACIÓN DE PERSONAS NO BENEFICIARIAS DE PENSIÓN DE VEJEZ, FAMILIAR O SOBREVIVENCIA
B7: DATOS DEL PROCESO
B8: NO. PROCESO | D8: ='00 VERIFICACIÓN DOC'!Q1 -> MC-SA-PMC-006-2024 | H8: FECHA DE CIERRE | J8: ='00 VERIFICACIÓN DOC'!Q5 -> 45639
B9: OBJETO | D9: ='00 VERIFICACIÓN DOC'!Q2 -> "REALIZAR LAS OBRAS DE PRIMEROS AUXILIOS Y REPARACIONES LOCATIVAS PARA LOS INMUEBLES DENOMINADOS EDIFICIO CENTRAL Y LA TORRE DOCENTE EN EL HOSPITAL SAN JUAN DE DIOS E INSTITUTO MATERNO INFANTIL"
B11: PRESUPUESTO OFICIAL | D11: ='00 VERIFICACIÓN DOC'!Q3 -> 980545587 | H11: PRESUPUESTO OFICIAL EN SMMLV | J11: ='00 VERIFICACIÓN DOC'!Q4 -> 754.26584
B13: DATOS DEL OFERENTE
B14: NOMBRE REPRESENTANTE LEGAL | D14: ='00 VERIFICACIÓN DOC'!R2 -> LUIS CARLOS OROZCO CASTRO | H14: CÉDULA DE CIUDADANÍA | J14: ='00 VERIFICACIÓN DOC'!R5 -> 1110549948
H15: MATRÍCULA PROFESIONAL | J15: ='00 VERIFICACIÓN DOC'!R3 -> 70202-326327 TLM
B16: PROPONENTE | D16: ='00 VERIFICACIÓN DOC'!R1 -> CONSORCIO OBRAS DICO | H16: INTEGRANTES | J16: ='00 VERIFICACIÓN DOC'!R4 -> CYCO INGENIERÍA S.A.S.
H17: INTEGRANTES | J17: ='00 VERIFICACIÓN DOC'!R11 -> DIEGO FERNANDO CÉSPEDES CONTRERAS
H18: INTEGRANTES | J18: ='00 VERIFICACIÓN DOC'!R15 -> N/A
H19: INTEGRANTES | J19: ='00 VERIFICACIÓN DOC'!R16 -> N/A
H20: INTEGRANTES | J20: ='00 VERIFICACIÓN DOC'!R17 -> N/A
B21: AVALADOR | D21: SI: | E21: ='00 VERIFICACIÓN DOC'!F20 -> _ | F21: NO: | G21: ='00 VERIFICACIÓN DOC'!H20 -> X | H21: MATRÍCULA PROFESIONAL | J21: ='00 VERIFICACIÓN DOC'!R22 -> 0
E22: =M38 -> NO APLICA
B23: EMPLEADOR- PROPONENTE
B24: SUSCRIPCIÓN FORMATO 10C- VINCULACIÓN DE PERSONAS NO BENEFICIARIAS DE PENSIÓN DE VEJEZ, FAMILIAR O SOBREVIVENCIA | K24: APORTA: | M24: NO APLICA
B25: COPIA CÉDULA DE CIUDADANÍA REPRESENTANTE LEGAL O AVALADOR | K25: APORTA: | M25: SI
B26: MATRICULA PROFESIONAL REPRESENTANTE LEGAL O AVALADOR | K26: APORTA: | M26: SI
B27: NIT | K27: APORTA: | M27: NO APLICA
B28: COPIA CÉDULA DE CIUDADANÍA EMPLEADO | K28: APORTA: | M28: NO APLICA
B29: CERTIFICADO DE APORTES AL SISTEMA DE SEGURIDAD SOCIAL (ÚLTIMO AÑO) | K29: APORTA: | M29: NO APLICA
B31: NOTA*
B33: OBSERVACIONES | D33: OBS.10C.1. OBS.10C.2.
I38: RESULTADO DE LA EVALUACIÓN | M38: NO APLICA

Sheet FORMATO 10D
D3: MINISTERIO DE LAS CULTURAS, LAS ARTES Y LOS SABERES
D4: PROCESO: LICITACIÓN DE OBRA PÚBLICA DE INFRAESTRUCTURA SOCIAL MC LP 130 2023
D5: FORMATO 10D- VINCULACIÓN DE POBLACIÓN INDÍGENA, NEGRA, AFROCOLOMBIANA, RAIZAL, PALENQUERA, RROM O GITANA
B7: DATOS DEL PROCESO
B8: NO. PROCESO | D8: ='00 VERIFICACIÓN DOC'!Q1 -> MC-SA-PMC-006-2024 | H8: FECHA DE CIERRE | J8: ='00 VERIFICACIÓN DOC'!Q5 -> 45639
B9: OBJETO | D9: ='00 VERIFICACIÓN DOC'!Q2 -> "REALIZAR LAS OBRAS DE PRIMEROS AUXILIOS Y REPARACIONES LOCATIVAS PARA LOS INMUEBLES DENOMINADOS EDIFICIO CENTRAL Y LA TORRE DOCENTE EN EL HOSPITAL SAN JUAN DE DIOS E INSTITUTO MATERNO INFANTIL"
B11: PRESUPUESTO OFICIAL | D11: ='00 VERIFICACIÓN DOC'!Q3 -> 980545587 | H11: PRESUPUESTO OFICIAL EN SMMLV | J11: ='00 VERIFICACIÓN DOC'!Q4 -> 754.26584
B13: DATOS DEL OFERENTE
B14: NOMBRE REPRESENTANTE LEGAL | D14: ='00 VERIFICACIÓN DOC'!R2 -> LUIS CARLOS OROZCO CASTRO | H14: CÉDULA DE CIUDADANÍA | J14: ='00 VERIFICACIÓN DOC'!R5 -> 1110549948
H15: MATRÍCULA PROFESIONAL | J15: ='00 VERIFICACIÓN DOC'!R3 -> 70202-326327 TLM
B16: PROPONENTE | D16: ='00 VERIFICACIÓN DOC'!R1 -> CONSORCIO OBRAS DICO | H16: INTEGRANTES | J16: ='00 VERIFICACIÓN DOC'!R4 -> CYCO INGENIERÍA S.A.S.
H17: INTEGRANTES | J17: ='00 VERIFICACIÓN DOC'!R11 -> DIEGO FERNANDO CÉSPEDES CONTRERAS
H18: INTEGRANTES | J18: ='00 VERIFICACIÓN DOC'!R15 -> N/A
H19: INTEGRANTES | J19: ='00 VERIFICACIÓN DOC'!R16 -> N/A
H20: INTEGRANTES | J20: ='00 VERIFICACIÓN DOC'!R17 -> N/A
B21: AVALADOR | D21: SI: | E21: ='00 VERIFICACIÓN DOC'!F20 -> _ | F21: NO: | G21: ='00 VERIFICACIÓN DOC'!H20 -> X | H21: MATRÍCULA PROFESIONAL | J21: ='00 VERIFICACIÓN DOC'!R22 -> 0
B23: EMPLEADOR- PROPONENTE
B24: SUSCRIPCIÓN FORMATO 10D- VINCULACIÓN DE POBLACIÓN INDÍGENA, NEGRA, AFROCOLOMBIANA, RAIZAL, PALENQUERA, RROM O GITANA | K24: APORTA: | M24: NO APLICA
B25: COPIA CÉDULA DE CIUDADANÍA REPRESENTANTE LEGAL O AVALADOR | K25: APORTA: | M25: SI
B26: MATRICULA PROFESIONAL REPRESENTANTE LEGAL O AVALADOR | K26: APORTA: | M26: SI
B27: NIT | K27: APORTA: | M27: NO APLICA
B28: COPIA CÉDULA DE CIUDADANÍA EMPLEADO | K28: APORTA: | M28: NO APLICA
B29: CERTIFICADO EXPEDIDA POR EL MINISTERIO DEL INTERIOR | K29: APORTA: | M29: NO APLICA
B31: NOTA*
B33: OBSERVACIONES | D33: OBS.10D.1. OBS.10D.2.
I38: RESULTADO DE LA EVALUACIÓN | M38: NO APLICA

Sheet FORMATO 10E
D3: MINISTERIO DE LAS CULTURAS, LAS ARTES Y LOS SABERES
D4: PROCESO: LICITACIÓN DE OBRA PÚBLICA DE INFRAESTRUCTURA SOCIAL MC LP 130 2023
D5: FORMATO 10E- PARTICIPACIÓN MAYORITARIA DE PERSONAS EN PROCESO DE REINCORPORACIÓN
B7: DATOS DEL PROCESO
B8: NO. PROCESO | D8: ='00 VERIFICACIÓN DOC'!Q1 -> MC-SA-PMC-006-2024 | H8: FECHA DE CIERRE | J8: ='00 VERIFICACIÓN DOC'!Q5 -> 45639
B9: OBJETO | D9: ='00 VERIFICACIÓN DOC'!Q2 -> "REALIZAR LAS OBRAS DE PRIMEROS AUXILIOS Y REPARACIONES LOCATIVAS PARA LOS INMUEBLES DENOMINADOS EDIFICIO CENTRAL Y LA TORRE DOCENTE EN EL HOSPITAL SAN JUAN DE DIOS E INSTITUTO MATERNO INFANTIL"
B11: PRESUPUESTO OFICIAL | D11: ='00 VERIFICACIÓN DOC'!Q3 -> 980545587 | H11: PRESUPUESTO OFICIAL EN SMMLV | J11: ='00 VERIFICACIÓN DOC'!Q4 -> 754.26584
B13: DATOS DEL OFERENTE
B14: NOMBRE REPRESENTANTE LEGAL | D14: ='00 VERIFICACIÓN DOC'!R2 -> LUIS CARLOS OROZCO CASTRO | H14: CÓDIGO REPRESENTANTE LEGAL
H15: MATRÍCULA PROFESIONAL | J15: ='00 VERIFICACIÓN DOC'!R3 -> 70202-326327 TLM
B16: PROPONENTE | D16: ='00 VERIFICACIÓN DOC'!R1 -> CONSORCIO OBRAS DICO | H16: INTEGRANTES | J16: ='00 VERIFICACIÓN DOC'!R4 -> CYCO INGENIERÍA S.A.S.
H17: INTEGRANTES | J17: ='00 VERIFICACIÓN DOC'!R11 -> DIEGO FERNANDO CÉSPEDES CONTRERAS
H18: INTEGRANTES | J18: ='00 VERIFICACIÓN DOC'!R15 -> N/A
H19: INTEGRANTES | J19: ='00 VERIFICACIÓN DOC'!R16 -> N/A
H20: INTEGRANTES | J20: ='00 VERIFICACIÓN DOC'!R17 -> N/A
B21: AVALADOR | D21: SI: | E21: ='00 VERIFICACIÓN DOC'!F20 -> _ | F21: NO: | G21: ='00 VERIFICACIÓN DOC'!H20 -> X | H21: MATRÍCULA PROFESIONAL | J21: ='00 VERIFICACIÓN DOC'!R22 -> 0
B23: EMPLEADOR- PROPONENTE
B24: SUSCRIPCIÓN FORMATO 10E- PARTICIPACIÓN MAYORITARIA DE PERSONAS EN PROCESO DE REINCORPORACIÓN | K24: APORTA: | M24: NO APLICA
B25: COPIA CÉDULA DE CIUDADANÍA REPRESENTANTE LEGAL O AVALADOR | K25: APORTA: | M25: SI
B26: MATRICULA PROFESIONAL REPRESENTANTE LEGAL O AVALADOR | K26: APORTA: | M26: SI
B27: NIT | K27: APORTA: | M27: NO APLICA
B28: COPIA CÉDULA DE CIUDADANÍA EMPLEADOS EN PROCESO DE REINCORPORACIÓN O REINTEGRACIÓN | K28: APORTA: | M28: NO APLICA
B29: CERTIFICADO DE LA OFICINA DEL ALTO COMISIONADO PARA LA PAZ, DEL COMITÉ OPERATIVO PARA LA DEJACIÓN DE ARMAS DE LA AGENCIA PARA LA REINTEGRACIÓN Y LA NORMALIZACIÓN Y EL DOCUMENTO DE IDENTIFICACIÓN DE CADA PERSONA. | K29: APORTA: | M29: NO APLICA
B31: NOTA*
B33: OBSERVACIONES | D33: OBS.10E.1. OBS.10E.2.
I38: RESULTADO DE LA EVALUACIÓN | M38: NO APLICA

Sheet FORMATO 10F
D3: MINISTERIO DE LAS CULTURAS, LAS ARTES Y LOS SABERES
D4: PROCESO: LICITACIÓN DE OBRA PÚBLICA DE INFRAESTRUCTURA SOCIAL MC LP 130 2023
D5: FORMATO 10F- PARTICIPACIÓN MAYORITARIA DE MUJERES CABEZA DE FAMILIA Y/O PERSONAS EN PROCESO DE REINCORPORACIÓN Y/O REINTEGRACIÓN
B7: DATOS DEL PROCESO
B8: NO. PROCESO | D8: MC LP 130 2023 | H8: FECHA DE CIERRE | J8: =+'FORMATO 1'!T2 -> 45639
B9: OBJETO | D9: "REALIZAR LAS OBRAS DE RESTAURACIÓN, REHABILITACIÓN, REFORZAMIENTO ESTRUCTURAL Y DEMÁS ACTIVIDADES COMPLEMENTARIAS PARA LA INTERVENCIÓN INTEGRAL DEL INSTITUTO MATERNO INFANTIL EN EL HOSPITAL SAN JUAN DE DIOS"
B11: PRESUPUESTO OFICIAL | H11: PRESUPUESTO OFICIAL EN SMMLV
B13: DATOS DEL OFERENTE
B14: NOMBRE REPRESENTANTE LEGAL | D14: ='00 VERIFICACIÓN DOC'!R2 -> LUIS CARLOS OROZCO CASTRO | H14: CÓDIGO REPRESENTANTE LEGAL
H15: MATRÍCULA PROFESIONAL | J15: ='00 VERIFICACIÓN DOC'!R3 -> 70202-326327 TLM
B16: PROPONENTE | D16: ='00 VERIFICACIÓN DOC'!R1 -> CONSORCIO OBRAS DICO | H16: INTEGRANTES | J16: ='00 VERIFICACIÓN DOC'!R4 -> CYCO INGENIERÍA S.A.S.
H17: INTEGRANTES | J17: ='00 VERIFICACIÓN DOC'!R11 -> DIEGO FERNANDO CÉSPEDES CONTRERAS
H18: INTEGRANTES | J18: ='00 VERIFICACIÓN DOC'!R15 -> N/A
H19: INTEGRANTES | J19: ='00 VERIFICACIÓN DOC'!R16 -> N/A
H20: INTEGRANTES | J20: ='00 VERIFICACIÓN DOC'!R17 -> N/A
B21: AVALADOR | D21: SI: | E21: ___ | F21: NO: | G21: ___ | H21: MATRÍCULA PROFESIONAL
B23: PERSONAS JURÍDICAS
B24: SUSCRIPCIÓN FORMATO 10F- PARTICIPACIÓN MAYORITARIA DE MUJERES CABEZA DE FAMILIA Y/O PERSONAS EN PROCESO DE REINCORPORACIÓN Y/O REINTEGRACIÓN | K24: APORTA: | M24: NO APLICA
B25: COPIA CÉDULA DE CIUDADANÍA REPRESENTANTE LEGAL O AVALADOR | K25: APORTA: | M25: SI
B26: MATRICULA PROFESIONAL REPRESENTANTE LEGAL O AVALADOR | K26: APORTA: | M26: SI
B27: NIT | K27: APORTA: | M27: NO APLICA
B28: COPIA CÉDULA DE CIUDADANÍA EMPLEADOS EN PROCESO DE REINCORPORACIÓN O REINTEGRACIÓN | K28: APORTA: | M28: NO APLICA
B29: CERTIFICADO DE LA OFICINA DEL ALTO COMISIONADO PARA LA PAZ, DEL COMITÉ OPERATIVO PARA LA DEJACIÓN DE ARMAS DE LA AGENCIA PARA LA REINTEGRACIÓN Y LA NORMALIZACIÓN Y EL DOCUMENTO DE IDENTIFICACIÓN DE CADA PERSONA. | K29: APORTA: | M29: NO APLICA
B31: NOTA*
B33: OBSERVACIONES | D33: OBS.10F.1. OBS.10F.2.
I38: RESULTADO DE LA EVALUACIÓN | M38: NO APLICA

Sheet FORMATO 10G
D3: MINISTERIO DE LAS CULTURAS, LAS ARTES Y LOS SABERES
D4: PROCESO: LICITACIÓN DE OBRA PÚBLICA DE INFRAESTRUCTURA SOCIAL MC LP 130 2023
D5: FORMATO 10G- PAGOS REALIZADOS A MIPYMES, COOPERATIVAS O ASOCIACIONES
B7: DATOS DEL PROCESO
B8: NO. PROCESO | D8: MC LP 130 2023 | H8: FECHA DE CIERRE | J8: ='00 VERIFICACIÓN DOC'!Q5 -> 45639
B9: OBJETO | D9: ='00 VERIFICACIÓN DOC'!Q2 -> "REALIZAR LAS OBRAS DE PRIMEROS AUXILIOS Y REPARACIONES LOCATIVAS PARA LOS INMUEBLES DENOMINADOS EDIFICIO CENTRAL Y LA TORRE DOCENTE EN EL HOSPITAL SAN JUAN DE DIOS E INSTITUTO MATERNO INFANTIL"
B11: PRESUPUESTO OFICIAL | D11: ='00 VERIFICACIÓN DOC'!Q3 -> 980545587 | H11: PRESUPUESTO OFICIAL EN SMMLV | J11: ='00 VERIFICACIÓN DOC'!Q4 -> 754.26584
B13: DATOS DEL OFERENTE
B14: NOMBRE REPRESENTANTE LEGAL | D14: ='00 VERIFICACIÓN DOC'!R2 -> LUIS CARLOS OROZCO CASTRO | H14: CÉDULA REPRESENTANTE LEGAL | J14: ='00 VERIFICACIÓN DOC'!R5 -> 1110549948
H15: MATRÍCULA PROFESIONAL | J15: ='00 VERIFICACIÓN DOC'!R3 -> 70202-326327 TLM
B16: PROPONENTE | D16: ='00 VERIFICACIÓN DOC'!R1 -> CONSORCIO OBRAS DICO | H16: INTEGRANTES | J16: ='00 VERIFICACIÓN DOC'!R4 -> CYCO INGENIERÍA S.A.S.
H17: INTEGRANTES | J17: ='00 VERIFICACIÓN DOC'!R11 -> DIEGO FERNANDO CÉSPEDES CONTRERAS
H18: INTEGRANTES | J18: ='00 VERIFICACIÓN DOC'!R15 -> N/A
H19: INTEGRANTES | J19: ='00 VERIFICACIÓN DOC'!R16 -> N/A
H20: INTEGRANTES | J20: ='00 VERIFICACIÓN DOC'!R17 -> N/A
B21: AVALADOR | D21: SI: | E21: ='00 VERIFICACIÓN DOC'!F20 -> _ | F21: NO: | G21: ='00 VERIFICACIÓN DOC'!H20 -> X | H21: MATRÍCULA PROFESIONAL | J21: ='00 VERIFICACIÓN DOC'!R22 -> 0
B23: PERSONAS JURÍDICAS
B24: SUSCRIPCIÓN FORMATO 10G- PAGOS REALIZADOS A MIPYMES, COOPERATIVAS O ASOCIACIONES | K24: APORTA: | M24: NO APLICA
B25: COPIA CÉDULA DE CIUDADANÍA REPRESENTANTE LEGAL O AVALADOR | K25: APORTA: | M25: SI
B26: MATRICULA PROFESIONAL REPRESENTANTE LEGAL O AVALADOR | K26: APORTA: | M26: SI
B27: NIT | K27: APORTA: | M27: NO APLICA
B28: COPIA CÉDULA DE CIUDADANÍA EMPLEADOS EN PROCESO DE REINCORPORACIÓN O REINTEGRACIÓN | K28: APORTA: | M28: NO APLICA
B29: CERTIFICADO DE LA OFICINA DEL ALTO COMISIONADO PARA LA PAZ, DEL COMITÉ OPERATIVO PARA LA DEJACIÓN DE ARMAS DE LA AGENCIA PARA LA REINTEGRACIÓN Y LA NORMALIZACIÓN Y EL DOCUMENTO DE IDENTIFICACIÓN DE CADA PERSONA. | K29: APORTA: | M29: NO APLICA
B31: NOTA*
B33: OBSERVACIONES | D33: OBS.10G.1. OBS.10G.2.
I38: RESULTADO DE LA EVALUACIÓN | M38: NO APLICA

Sheet FORMATO 10H
D3: MINISTERIO DE LAS CULTURAS, LAS ARTES Y LOS SABERES
D4: PROCESO: LICITACIÓN DE OBRA PÚBLICA DE INFRAESTRUCTURA SOCIAL MC LP 130 2023
D5: FORMATO 10G- PAGOS REALIZADOS A MIPYMES, COOPERATIVAS O ASOCIACIONES
B7: DATOS DEL PROCESO
B8: NO. PROCESO | D8: ='00 VERIFICACIÓN DOC'!Q1 -> MC-SA-PMC-006-2024 | H8: FECHA DE CIERRE | J8: =+'FORMATO 1'!T2 -> 45639
B9: OBJETO | D9: ='00 VERIFICACIÓN DOC'!Q2 -> "REALIZAR LAS OBRAS DE PRIMEROS AUXILIOS Y REPARACIONES LOCATIVAS PARA LOS INMUEBLES DENOMINADOS EDIFICIO CENTRAL Y LA TORRE DOCENTE EN EL HOSPITAL SAN JUAN DE DIOS E INSTITUTO MATERNO INFANTIL"
B11: PRESUPUESTO OFICIAL | D11: ='00 VERIFICACIÓN DOC'!Q3 -> 980545587 | H11: PRESUPUESTO OFICIAL EN SMMLV | J11: ='00 VERIFICACIÓN DOC'!Q4 -> 754.26584
B13: DATOS DEL OFERENTE
B14: NOMBRE REPRESENTANTE LEGAL | D14: ='00 VERIFICACIÓN DOC'!R2 -> LUIS CARLOS OROZCO CASTRO | H14: CÉDULA DE CIUDADANÍA | J14: ='00 VERIFICACIÓN DOC'!R5 -> 1110549948
H15: MATRÍCULA PROFESIONAL | J15: ='00 VERIFICACIÓN DOC'!R3 -> 70202-326327 TLM
B16: PROPONENTE | D16: ='00 VERIFICACIÓN DOC'!R1 -> CONSORCIO OBRAS DICO | H16: INTEGRANTES | J16: ='00 VERIFICACIÓN DOC'!R4 -> CYCO INGENIERÍA S.A.S.
H17: INTEGRANTES | J17: ='00 VERIFICACIÓN DOC'!R11 -> DIEGO FERNANDO CÉSPEDES CONTRERAS
H18: INTEGRANTES | J18: ='00 VERIFICACIÓN DOC'!R15 -> N/A
H19: INTEGRANTES | J19: ='00 VERIFICACIÓN DOC'!R16 -> N/A
H20: INTEGRANTES | J20: ='00 VERIFICACIÓN DOC'!R17 -> N/A
B21: AVALADOR | D21: SI: | E21: ='00 VERIFICACIÓN DOC'!F20 -> _ | F21: NO: | G21: ='00 VERIFICACIÓN DOC'!H20 -> X | H21: MATRÍCULA PROFESIONAL | J21: ='00 VERIFICACIÓN DOC'!R22 -> 0
B23: PERSONAS JURÍDICAS
B24: SUSCRIPCIÓN FORMATO 10G- PAGOS REALIZADOS A MIPYMES, COOPERATIVAS O ASOCIACIONES | K24: APORTA: | M24: NO APLICA
B25: COPIA CÉDULA DE CIUDADANÍA REPRESENTANTE LEGAL O AVALADOR | K25: APORTA: | M25: SI
B26: MATRICULA PROFESIONAL REPRESENTANTE LEGAL O AVALADOR | K26: APORTA: | M26: SI
B27: NIT | K27: APORTA: | M27: NO APLICA
B28: COPIA CÉDULA DE CIUDADANÍA EMPLEADOS EN PROCESO DE REINCORPORACIÓN O REINTEGRACIÓN | K28: APORTA: | M28: NO APLICA
B29: CERTIFICADO DE LA OFICINA DEL ALTO COMISIONADO PARA LA PAZ, DEL COMITÉ OPERATIVO PARA LA DEJACIÓN DE ARMAS DE LA AGENCIA PARA LA REINTEGRACIÓN Y LA NORMALIZACIÓN Y EL DOCUMENTO DE IDENTIFICACIÓN DE CADA PERSONA. | K29: APORTA: | M29: NO APLICA
B31: NOTA*
B33: OBSERVACIONES | D33: OBS.10H.1. OBS.10H.2.
I38: RESULTADO DE LA EVALUACIÓN | M38: NO APLICA

Sheet FORMATO 11
D3: MINISTERIO DE LAS CULTURAS, LAS ARTES Y LOS SABERES
D4: PROCESO: SELECCIÓN ABREVIADA DE MENOR CUANTÍA MC-SA-PMC-006-2024
D5: FORMATO 11- AUTORIZACIÓN PARA EL TRATAMIENTO DE DATOS
B7: DATOS DEL PROCESO
B8: NO. PROCESO | D8: ='00 VERIFICACIÓN DOC'!Q1 -> MC-SA-PMC-006-2024 | H8: FECHA DE CIERRE | J8: ='00 VERIFICACIÓN DOC'!Q5 -> 45639
B9: OBJETO | D9: ='00 VERIFICACIÓN DOC'!Q2 -> "REALIZAR LAS OBRAS DE PRIMEROS AUXILIOS Y REPARACIONES LOCATIVAS PARA LOS INMUEBLES DENOMINADOS EDIFICIO CENTRAL Y LA TORRE DOCENTE EN EL HOSPITAL SAN JUAN DE DIOS E INSTITUTO MATERNO INFANTIL"
B11: PRESUPUESTO OFICIAL | D11: ='00 VERIFICACIÓN DOC'!Q3 -> 980545587 | H11: PRESUPUESTO OFICIAL EN SMMLV | J11: ='00 VERIFICACIÓN DOC'!Q4 -> 754.26584
B13: DATOS DEL OFERENTE
B14: NOMBRE REPRESENTANTE LEGAL | D14: ='00 VERIFICACIÓN DOC'!R2 -> LUIS CARLOS OROZCO CASTRO | H14: CÉDULA DE CIUDADANÍA | J14: ='00 VERIFICACIÓN DOC'!R5 -> 1110549948
H15: MATRÍCULA PROFESIONAL | J15: ='00 VERIFICACIÓN DOC'!R3 -> 70202-326327 TLM
B16: PROPONENTE | D16: ='00 VERIFICACIÓN DOC'!R1 -> CONSORCIO OBRAS DICO | H16: INTEGRANTES | J16: ='00 VERIFICACIÓN DOC'!R4 -> CYCO INGENIERÍA S.A.S.
H17: INTEGRANTES | J17: ='00 VERIFICACIÓN DOC'!R11 -> DIEGO FERNANDO CÉSPEDES CONTRERAS
H18: INTEGRANTES | J18: ='00 VERIFICACIÓN DOC'!R15 -> N/A
H19: INTEGRANTES | J19: ='00 VERIFICACIÓN DOC'!R16 -> N/A
H20: INTEGRANTES | J20: ='00 VERIFICACIÓN DOC'!R17 -> N/A
B21: AVALADOR | D21: SI: | E21: ='00 VERIFICACIÓN DOC'!F20 -> _ | F21: NO: | G21: ='00 VERIFICACIÓN DOC'!H20 -> X | H21: MATRÍCULA PROFESIONAL | J21: ='00 VERIFICACIÓN DOC'!R22 -> 0
B23: FORMATO 11
B24: SUSCRIPCIÓN FORMATO 11- AUTORIZACIÓN PARA EL TRATAMIENTO DE DATOS | K24: APORTA: | M24: SI
B27: OBSERVACIONES | D27: OBS.11.1. Aporta el formato para el tratamiento de datos, sin firma. No es obligatoria la firma de este documento.
I32: RESULTADO DE LA EVALUACIÓN | M32: CUMPLE

Sheet FORMATO 12
D3: MINISTERIO DE LAS CULTURAS, LAS ARTES Y LOS SABERES
D4: PROCESO: LICITACIÓN DE OBRA PÚBLICA DE INFRAESTRUCTURA SOCIAL MC LP 130 2023
D5: FORMATO 12- FACTOR DE SOSTENIBILIDAD TÉCNICO AMBIENTAL AGREGADO
B7: DATOS DEL PROCESO
B8: NO. PROCESO | D8: ='00 VERIFICACIÓN DOC'!Q1 -> MC-SA-PMC-006-2024 | H8: FECHA DE CIERRE | J8: =+'FORMATO 1'!T2 -> 45639
B9: OBJETO | D9: ='00 VERIFICACIÓN DOC'!Q2 -> "REALIZAR LAS OBRAS DE PRIMEROS AUXILIOS Y REPARACIONES LOCATIVAS PARA LOS INMUEBLES DENOMINADOS EDIFICIO CENTRAL Y LA TORRE DOCENTE EN EL HOSPITAL SAN JUAN DE DIOS E INSTITUTO MATERNO INFANTIL"
B11: PRESUPUESTO OFICIAL | D11: ='00 VERIFICACIÓN DOC'!Q3 -> 980545587 | H11: PRESUPUESTO OFICIAL EN SMMLV | J11: ='00 VERIFICACIÓN DOC'!Q4 -> 754.26584
B13: DATOS DEL OFERENTE
B14: NOMBRE REPRESENTANTE LEGAL | D14: ='00 VERIFICACIÓN DOC'!R2 -> LUIS CARLOS OROZCO CASTRO | H14: CÉDULA DE CIUDADANIA | J14: ='00 VERIFICACIÓN DOC'!R5 -> 1110549948
H15: MATRÍCULA PROFESIONAL | J15: ='00 VERIFICACIÓN DOC'!R3 -> 70202-326327 TLM
B16: PROPONENTE | D16: ='00 VERIFICACIÓN DOC'!R1 -> CONSORCIO OBRAS DICO | H16: INTEGRANTES | J16: ='00 VERIFICACIÓN DOC'!R4 -> CYCO INGENIERÍA S.A.S.
H17: INTEGRANTES | J17: ='00 VERIFICACIÓN DOC'!R11 -> DIEGO FERNANDO CÉSPEDES CONTRERAS
H18: INTEGRANTES | J18: ='00 VERIFICACIÓN DOC'!R15 -> N/A
H19: INTEGRANTES | J19: ='00 VERIFICACIÓN DOC'!R16 -> N/A
H20: INTEGRANTES | J20: ='00 VERIFICACIÓN DOC'!R17 -> N/A
B21: AVALADOR | D21: SI: | E21: ='00 VERIFICACIÓN DOC'!F20 -> _ | F21: NO: | G21: ='00 VERIFICACIÓN DOC'!H20 -> X | H21: MATRÍCULA PROFESIONAL
B23: DOCUMENTOS ADJUNTOS AL FORMATO
B24: COPIA CÉDULA DE CIUDADANÍA REPRESENTANTE LEGAL O AVALADOR | K24: APORTA: | M24: SI
B25: MATRICULA PROFESIONAL REPRESENTANTE LEGAL O AVALADOR | K25: APORTA: | M25: SI
B26: SUSCRIPCIÓN FORMATO 12- FACTOR DE SOSTENIBILIDAD TÉCNICO AMBIENTAL AGREGADO | K26: APORTA: | M26: SI
B29: OBSERVACIONES | D29: OBS.12.1.Cumple con la suscripción correcta del FORMATO 12-FACTOR DE SOSTENIBILIDAD TÉCNICO AMBIENTAL AGREGADO y sus correspondientes soportes.
I34: RESULTADO DE LA EVALUACIÓN | M34: CUMPLE

Sheet FORMATO 13
D3: MINISTERIO DE LAS CULTURAS, LAS ARTES Y LOS SABERES
D4: PROCESO: SELECCIÓN ABREVIADA DE MENOR CUANTÍA MC-SA-PMC-006-2024
D5: FORMATO 13- ACREDITACIÓN DE EMPRENDIMIENTOS Y EMPRESAS DE MUJERES
B7: DATOS DEL PROCESO
B8: NO. PROCESO | D8: ='00 VERIFICACIÓN DOC'!Q1 -> MC-SA-PMC-006-2024 | H8: FECHA DE CIERRE | J8: ='00 VERIFICACIÓN DOC'!Q5 -> 45639
B9: OBJETO | D9: ='00 VERIFICACIÓN DOC'!Q2 -> "REALIZAR LAS OBRAS DE PRIMEROS AUXILIOS Y REPARACIONES LOCATIVAS PARA LOS INMUEBLES DENOMINADOS EDIFICIO CENTRAL Y LA TORRE DOCENTE EN EL HOSPITAL SAN JUAN DE DIOS E INSTITUTO MATERNO INFANTIL"
B11: PRESUPUESTO OFICIAL | D11: ='00 VERIFICACIÓN DOC'!Q3 -> 980545587 | H11: PRESUPUESTO OFICIAL EN SMMLV | J11: ='00 VERIFICACIÓN DOC'!Q4 -> 754.26584
B13: DATOS DEL OFERENTE
B14: NOMBRE REPRESENTANTE LEGAL | D14: ='00 VERIFICACIÓN DOC'!R2 -> LUIS CARLOS OROZCO CASTRO | H14: CÉDULA CIUDADANÍA | J14: ='00 VERIFICACIÓN DOC'!R5 -> 1110549948
H15: MATRÍCULA PROFESIONAL | J15: ='00 VERIFICACIÓN DOC'!R3 -> 70202-326327 TLM
B16: PROPONENTE | D16: ='00 VERIFICACIÓN DOC'!R1 -> CONSORCIO OBRAS DICO | H16: INTEGRANTES | J16: ='00 VERIFICACIÓN DOC'!R4 -> CYCO INGENIERÍA S.A.S.
H17: INTEGRANTES | J17: ='00 VERIFICACIÓN DOC'!R11 -> DIEGO FERNANDO CÉSPEDES CONTRERAS
H18: INTEGRANTES | J18: ='00 VERIFICACIÓN DOC'!R15 -> N/A
H19: INTEGRANTES | J19: ='00 VERIFICACIÓN DOC'!R16 -> N/A
H20: INTEGRANTES | J20: ='00 VERIFICACIÓN DOC'!R17 -> N/A
B21: AVALADOR | D21: SI: | E21: ='00 VERIFICACIÓN DOC'!F20 -> _ | F21: NO: | G21: ='00 VERIFICACIÓN DOC'!H20 -> X | H21: MATRÍCULA PROFESIONAL | J21: ='00 VERIFICACIÓN DOC'!R22 -> 0
B23: FORMATO 13
B24: SUSCRIPCIÓN FORMATO 13- ACREDITACIÓN DE EMPRENDIMIENTOS Y EMPRESAS DE MUJERES | K24: APORTA: | M24: SI
B26: PERSONA JURÍDICA EN SU MAYORÍA SON MUJERES Y LOS DERECHOS DE PROPIEDAD HAN PERTENECIDO A ÉSTAS DURANTE EL ÚLTIMO AÑO
B27: NOMBRE | F27: CEDULA | I27: NÚMERO DE ACCIONES | K27: PORCENTAJE DE ACCIONES
B28: LEIDY CONSTANZA CASTRO | F28: 65761345 | I28: APORTA: | J28: SI | K28: APORTA: | M28: SI
I29: APORTA: | J29: NO APLICA | K29: APORTA: | M29: NO APLICA
I30: APORTA: | J30: NO APLICA | K30: APORTA: | M30: NO APLICA
I31: APORTA: | J31: NO APLICA | K31: APORTA: | M31: NO APLICA
B33: EL CINCUENTA POR CIENTO (50 %) DE LOS EMPLEOS DEL NIVEL DIRECTIVO DE LA PERSONA JURÍDICA SON EJERCIDOS POR MUJERES Y ESTAS HAN ESTADO VINCULADAS LABORALMENTE DURANTE AL MENOS EL ÚLTIMO AÑO
B34: NOMBRE | F34: CEDULA | I34: CONTRATO VIGENTE O CERTIFICADO | K34: PLANILLA SEGURIDAD SOCIAL
I35: APORTA: | J35: SI | K35: APORTA: | M35: SI
I36: APORTA: | J36: SI | K36: APORTA: | M36: SI
I37: APORTA: | J37: SI | K37: APORTA: | M37: SI
I38: APORTA: | K38: APORTA:
B40: NOTA* | D40: Las personas presentadas hacen parte de la empresa CYCO INGENIERÍA S.A.S., la cual es integrante del consorcio
B42: OBSERVACIONES | D42: Cumple con la suscripción correcta del FORMATO 13- ACREDITACIÓN DE EMPRENDIMIENTOS Y EMPRESAS DE MUJERES y sus correspondientes soportes, dado que se presenta la comprobación de la persona jurídica en su mayoría por mujeres y han estado vinculadas en sus acciones durante más de un año.
I47: RESULTADO DE LA EVALUACIÓN | M47: CUMPLE

Sheet FORMATO 14
D3: MINISTERIO DE LAS CULTURAS, LAS ARTES Y LOS SABERES
D4: PROCESO: SELECCIÓN ABREVIADA DE MENOR CUANTÍA MC-SA-PMC-006-2024
D5: FORMATO 14- ACREDITACIÓN DE MIPYME
B7: DATOS DEL PROCESO
B8: NO. PROCESO | D8: ='00 VERIFICACIÓN DOC'!Q1 -> MC-SA-PMC-006-2024 | H8: FECHA DE CIERRE | J8: ='00 VERIFICACIÓN DOC'!Q5 -> 45639
B9: OBJETO | D9: ='00 VERIFICACIÓN DOC'!Q2 -> "REALIZAR LAS OBRAS DE PRIMEROS AUXILIOS Y REPARACIONES LOCATIVAS PARA LOS INMUEBLES DENOMINADOS EDIFICIO CENTRAL Y LA TORRE DOCENTE EN EL HOSPITAL SAN JUAN DE DIOS E INSTITUTO MATERNO INFANTIL"
B11: PRESUPUESTO OFICIAL | D11: ='00 VERIFICACIÓN DOC'!Q3 -> 980545587 | H11: PRESUPUESTO OFICIAL EN SMMLV | J11: ='00 VERIFICACIÓN DOC'!Q4 -> 754.26584
B13: DATOS DEL OFERENTE
B14: NOMBRE REPRESENTANTE LEGAL | D14: ='00 VERIFICACIÓN DOC'!R2 -> LUIS CARLOS OROZCO CASTRO | H14: CÉDULA CIUDADANÍA | J14: ='00 VERIFICACIÓN DOC'!R5 -> 1110549948
H15: MATRÍCULA PROFESIONAL | J15: ='00 VERIFICACIÓN DOC'!R3 -> 70202-326327 TLM
B16: PROPONENTE | D16: ='00 VERIFICACIÓN DOC'!R1 -> CONSORCIO OBRAS DICO | H16: INTEGRANTES | J16: ='00 VERIFICACIÓN DOC'!R4 -> CYCO INGENIERÍA S.A.S.
H17: INTEGRANTES | J17: ='00 VERIFICACIÓN DOC'!R11 -> DIEGO FERNANDO CÉSPEDES CONTRERAS
H18: INTEGRANTES | J18: ='00 VERIFICACIÓN DOC'!R15 -> N/A
H19: INTEGRANTES | J19: ='00 VERIFICACIÓN DOC'!R16 -> N/A
H20: INTEGRANTES | J20: ='00 VERIFICACIÓN DOC'!R17 -> N/A
B21: AVALADOR | D21: SI: | E21: ='00 VERIFICACIÓN DOC'!F20 -> _ | F21: NO: | G21: ='00 VERIFICACIÓN DOC'!H20 -> X | H21: MATRÍCULA PROFESIONAL | J21: ='00 VERIFICACIÓN DOC'!R22 -> 0
B23: FORMATO 14
B24: SUSCRIPCIÓN FORMATO 14- ACREDITACIÓN DE MIPYIME | K24: APORTA: | M24: SI
B25: RUP VIGENTE Y EN FIRME AL MOMENTO DE LA PRESENTACIÓN, CON LA CLASIFICACIÓN POR TAMAÑO DE LA EMPRESA | K25: APORTA: | M25: SI
B27: NOTA*
B29: OBSERVACIONES | D29: OBS.14.1. Cumple a través de la entrega del RUP vigente y en firme al momento de la presentación por lo cual según lo estipulado en los Formatos 14A y 14B.
I34: RESULTADO DE LA EVALUACIÓN | M34: CUMPLE
